 Dungeon Crawl Stone Soup version 0.32-a0-666-ge8a88695a4 (webtiles) character file.

Game seed: 4561047868257692591

1435444 CougarLife the Annihilator (level 27, -9/199 HPs)
             Began as a Gargoyle Earth Elementalist on Mar 9, 2024.
             Was the Champion of Vehumet.
             Killed from afar by a hellephant (22 damage)
             ... with a blast of flame
             ... on level 22 of a ziggurat on Mar 16, 2024.
             The game lasted 08:16:40 (188070 turns).

CougarLife the Annihilator (GrEE)                 Turns: 188070, Time: 08:16:41

Health: -9/199     AC: 55    Str: 11    XL:     27
Magic:  69/72      EV: 11    Int: 31    God:    Vehumet [******]
Gold:   16464      SH: 32    Dex: 13    Spells: 24/80 levels left

rFire   + + .        c - staff of conjuration
rCold   + + +        o - +8 tower shield
rNeg    + + +        L - +6 acid dragon scales
rPois   ∞            b - +2 helmet {SInv}
rElec   +            O - +2 cloak {rF+}
rCorr   +            u - +3 pair of gloves of Mysticism {rPois rF+ Str+3 Int-3}
SInv    +            U - +1 pair of boots of Weak the Leaf {Rampage Fly MP+9 Str-5}
Will    +++..        h - amulet of the Genius {RegenMP+ Dex+3}
Stlth   +++          s - ring of Ufoel {rElec MP+9 Int+4 Dex+2}
HPRegen 0.53/turn    k - ring of the Ancient Ships {rC++ Int+3 SInv Stlth+}
MPRegen 0.83/turn

%: clarity, rampage
@: death-form, flying, studying 6 skills
A: vile attack, torment immunity, no potions, flying, sickness immunity, AC +20,
big wings, negative energy resistance 1, electricity resistance, torment
resistance 1, petrification resistance, iridescent scales 1, clarity, clumsy 1,
dopey 1, sense surroundings 1, screaming 1, MP-powered wands
}: 15/15 runes: barnacled, slimy, silver, golden, iron, obsidian, icy, bone,
abyssal, demonic, glowing, magical, fiery, dark, gossamer
a: Siphon Essence, Begin Untransformation, Renounce Religion


You were on level 22 of a ziggurat.
You worshipped Vehumet.
Vehumet was exalted by your worship.
You were an undying horror.
You visited 18 branches of the dungeon, and saw 88 of its levels.
You visited Pandemonium 1 time, and saw 20 of its levels.
You visited the Abyss 2 times.
You visited 3 bazaars.
You visited 1 ziggurat, and saw 22 of its levels.
You also visited: Trove, Bailey, Ice Cave, Volcano and Desolation.

You collected 19850 gold pieces.
You spent 3386 gold pieces at shops.

Inventory:

Hand Weapons
 f - the +6 Majin-Bo {spellvamp, MP+6 Int+6}
   (You found it on level 7 of Cocytus)

   Int+6:     It affects your intelligence (+6).
   MP+6:      It affects your magic capacity (+6).
Missiles
 y - 3 throwing nets
Armour
 b - a +2 helmet of see invisible (worn)
 o - a +8 tower shield (worn)
 u - the +3 pair of gloves of Mysticism (worn) {rPois rF+ Str+3 Int-3}
   (You found it on level 3 of the Crypt)

   Str+3:     It affects your strength (+3).
   Int-3:     It affects your intelligence (-3).
   rF+:       It protects you from fire.
   rPois:     It protects you from poison.
 L - +6 acid dragon scales (worn)
 O - a +2 cloak of fire resistance (worn)
 U - the +1 pair of boots of Weak the Leaf (worn) {Rampage Fly MP+9 Str-5}
   (You bought it in a shop on level 2 of the Orcish Mines)

   Str-5:     It affects your strength (-5).
   MP+9:      It affects your magic capacity (+9).
   Fly:       It grants you flight.
   Rampage:   It bestows one free step when moving towards enemies.
Magical Staves
 c - a staff of conjuration (weapon)
Jewellery
 h - the amulet of the Genius (around neck) {RegenMP+ Dex+3}
   (You found it on level 3 of the Tomb of the Ancients)

   [amulet of magic regeneration]

   It increases your rate of magic regeneration.
   Dex+3:     It affects your dexterity (+3).
   RegenMP+:  It increases your rate of magic regeneration.
 k - the ring of the Ancient Ships (right hand) {rC++ Int+3 SInv Stlth+}
   (You took it off a centaur warrior on level 9 of the Dungeon)

   [ring of see invisible]

   Int+3:     It affects your intelligence (+3).
   rC++:      It greatly protects you from cold.
   SInv:      It lets you see invisible.
   Stlth+:    It makes you more stealthy.
 p - the ring "Hafuv" {rN+ Will+ Dex+3}
   (You found it in the Desolation of Salt)

   [ring of willpower]

   Dex+3:     It affects your dexterity (+3).
   rN+:       It protects you from negative energy.
   Will+:     It increases your willpower.
 s - the ring of Ufoel (left hand) {rElec MP+9 Int+4 Dex+2}
   (You found it on level 7 of Tartarus)

   [ring of magical power]

   Int+4:     It affects your intelligence (+4).
   Dex+2:     It affects your dexterity (+2).
   rElec:     It insulates you from electricity.
   MP+9:      It affects your magic capacity (+9).
 w - the ring "Puril" {rN++ rCorr}
   (You found it on level 9 of the Dungeon)

   [ring of resist corrosion]

   rN++:      It greatly protects you from negative energy.
   rCorr:     It protects you from acid and corrosion.
 G - the amulet of Catyteegas {Regen+ rCorr Dex+5 Slay+3 Stlth+}
   (You found it on level 7 of a ziggurat)

   [amulet of regeneration]

   Dex+5:     It affects your dexterity (+5).
   Slay+3:    It affects your accuracy & damage with ranged weapons and melee
   (+3).
   Regen+:    It increases your rate of health regeneration.
   rCorr:     It protects you from acid and corrosion.
   Stlth+:    It makes you more stealthy.
 P - the amulet "Muttib" {Reflect Will+ SH+5}
   (You found it on level 5 of the Lair of Beasts)

   [amulet of reflection]

   Reflect:   It reflects blocked missile attacks.
   Will+:     It increases your willpower.
   SH+5:      It affects your SH (+5).
 T - the amulet of the Four Winds {rN+ Will+++ Clar}
   (You found it on level 10 of a ziggurat)

   [amulet of nothing]

   rN+:       It protects you from negative energy.
   Will+++:   It greatly increases your willpower.
   Clar:      It protects you from confusion, rage, mesmerisation and fear.
Talismans
 A - a talisman of death (active)
Wands
 t - a wand of polymorph (52)
 H - a wand of digging (48)
 J - a wand of charming (132)
 Y - a wand of quicksilver (54)
Scrolls
 a - 3 scrolls of enchant armour
 e - 36 scrolls of teleportation
 g - 11 scrolls of amnesia
 i - 21 scrolls of noise
 l - 12 scrolls of immolation
 z - a scroll of summoning
 B - 17 scrolls of fear
 D - 12 scrolls of revelation
 F - 24 scrolls of fog
 I - 18 scrolls of poison
 M - 5 scrolls of silence
 Q - 15 scrolls of vulnerability
 R - 5 scrolls of torment
Potions
 d - 6 potions of magic
 j - 34 potions of curing
 m - 12 potions of attraction
 n - 7 potions of enlightenment
 r - 2 potions of cancellation
 v - 6 potions of mutation
 x - 8 potions of heal wounds
 C - 14 potions of lignification
 K - 2 potions of resistance
 N - 3 potions of invisibility
 S - 9 potions of ambrosia
 V - a potion of haste
Miscellaneous
 q - a figurine of a ziggurat


   Skills:
 O Level 27 Fighting
 + Level 19.9 Armour
 - Level 1.5 Dodging
 - Level 2.1 Stealth
 O Level 27 Shields
 O Level 27 Spellcasting
 O Level 27 Conjurations
 O Level 27 Fire Magic
 O Level 27 Air Magic
 O Level 27 Earth Magic
 - Level 23.8 Shapeshifting


You had 24 spell levels left.
You knew the following spells:

 Your Spells              Type           Power      Damage    Failure   Level
a - Fire Storm            Conj/Fire      71%        8d18      1%          9
b - Stone Arrow           Conj/Erth      100%       3d13      0%          3
c - Shatter               Erth           59%        3d44*     1%          9
d - Lehudib's Crystal Sp  Conj/Erth      71%        10d16     1%          8
e - Freezing Cloud        Conj/Ice/Air   62%        6-21      0%          5
f - Ignition              Fire           59%        3d16      1%          8
g - Lee's Rapid Deconstr  Erth           59%        3d27*     0%          5
h - Chain Lightning       Conj/Air       71%        3d95      1%          9

Your spell library contained the following spells:

 Spells                   Type           Power      Damage    Failure   Level
 Foxfire                  Conj/Fire      100%       2x1d9     0%          1
 Kiss of Death            Conj/Necr      100%       2d13      0%          1
 Magic Dart               Conj           100%       1d8       0%          1
 Sandblast                Erth           100%       2d20      0%          1
 Shock                    Conj/Air       100%       1d9       0%          1
 Sting                    Conj/Alch      100%       1d9       0%          1
 Mercury Vapours          Alch/Air       100%       N/A       0%          2
 Momentum Strike          Conj/Tloc      100%       3d10      0%          2
 Scorch                   Fire           100%       2d9       0%          2
 Searing Ray              Conj           100%       2d8       0%          2
 Static Discharge         Conj/Air       100%       3-8/arc   0%          2
 Dazzling Flash           Conj/Hex       100%       N/A       0%          3
 Hailstorm                Conj/Ice       100%       3d16      0%          3
 Mephitic Cloud           Conj/Alch/Air  100%       N/A       0%          3
 Passwall                 Erth           100%       N/A       0%          3
 Swiftness                Air            100%       N/A       0%          3
 Volatile Blastmotes      Fire/Tloc      100%       2d18      0%          3
 Airstrike                Air            59%        2d(9-25)  0%          4
 Brom's Barrelling Bould  Conj/Erth      100%       2d11      0%          4
 Flame Wave               Conj/Fire      100%       2d21      0%          4
 Arcjolt                  Conj/Air       71%        1d81      0%          5
 Fireball                 Conj/Fire      71%        3d27      0%          5
 Iskenderun's Battlesphe  Conj           100%       2d15      0%          5
 Bombard                  Conj/Erth      71%        9d12      0%          6
 Conjure Ball Lightning   Conj/Air       71%        3x3d26    0%          6
 Plasma Beam              Fire/Air       59%        2x1d74    0%          6
 Starburst                Conj/Fire      71%        6d18      0%          6
 Orb of Destruction       Conj           71%        9d16      0%          7
 Apportation              Tloc           82%        N/A       1%          1
 Freeze                   Ice            100%       1d10      1%          1
 Necrotise                Necr           100%       1d9       1%          1
 Slow                     Hex            100%       N/A       1%          1
 Summon Small Mammal      Summ           100%       N/A       1%          1
 Blink                    Tloc           82%        N/A       1%          2
 Ensorcelled Hibernation  Hex/Ice        82%        N/A       1%          2
 Jinxbite                 Hex            82%        N/A       1%          2
 Lesser Beckoning         Tloc           82%        N/A       1%          2
 Frozen Ramparts          Ice            82%        1d13      1%          3
 Animate Armour           Summ/Erth      100%       N/A       1%          4
 Fulminant Prism          Conj/Alch      56%        3d24      1%          4
 Ignite Poison            Fire/Alch      90%        N/A       1%          4
 Iskenderun's Mystic Bla  Conj/Tloc      100%       2d19      1%          4
 Leda's Liquefaction      Alch/Erth      45%        N/A       1%          4
 Olgreb's Toxic Radiance  Alch           41%        N/A       1%          4
 Petrify                  Alch/Erth      90%        N/A       1%          4
 Sticky Flame             Fire/Alch      90%        2d14      1%          4
 Summon Blazeheart Golem  Fire/Summ      90%        N/A       1%          4
 Summon Lightning Spire   Summ/Air       90%        N/A       1%          4
 Vhi's Electric Charge    Tloc/Air       100%       N/A       1%          4
 Borgnjor's Vile Clutch   Necr/Erth      45%        N/A       1%          5
 Irradiate                Conj/Alch      56%        3d30      1%          5
 Silence                  Hex/Air        45%        N/A       1%          5
 Spellforged Servitor     Conj/Summ      56%        N/A       1%          7
 Maxwell's Capacitive Co  Air            59%        ∞         1%          8
 Call Canine Familiar     Summ           41%        N/A       2%          3
 Confusing Touch          Hex            41%        N/A       2%          3
 Fugue of the Fallen      Necr           41%        N/A       2%          3
 Gell's Gravitas          Tloc           41%        N/A       2%          3
 Ozocubu's Armour         Ice            41%        N/A       2%          3
 Sigil of Binding         Hex            41%        N/A       2%          3
 Summon Ice Beast         Ice/Summ       41%        N/A       2%          3
 Teleport Other           Tloc           41%        N/A       2%          3
 Tukima's Dance           Hex            41%        N/A       2%          3
 Vampiric Draining        Necr           41%        2d8       2%          3
 Yara's Violent Unravell  Hex/Alch       20%        3d9       5%          5
 Anguish                  Hex/Necr       20%        N/A       7%          4
 Animate Dead             Necr           41%        N/A       7%          4
 Cause Fear               Hex            20%        N/A       7%          4
 Dimensional Bullseye     Hex/Tloc       20%        N/A       7%          4
 Dispel Undead            Necr           41%        3d16      7%          4
 Manifold Assault         Tloc           41%        N/A       7%          4
 Martyr's Knell           Necr/Summ      41%        N/A       7%          4
 Passage of Golubria      Tloc           41%        N/A       7%          4
 Alistair's Intoxication  Alch           27%        N/A       21%         5
 Curse of Agony           Necr           41%        N/A       21%         5
 Metabolic Englaciation   Hex/Ice        20%        N/A       21%         5
 Summon Forest            Summ/Tloc      20%        N/A       21%         5
 Summon Mana Viper        Hex/Summ       41%        N/A       21%         5
 Death Channel            Necr           20%        N/A       73%         6
 Dispersal                Tloc           20%        N/A       73%         6
 Sculpt Simulacrum        Ice/Alch       20%        N/A       73%         6
 Summon Cactus Giant      Summ           20%        N/A       73%         6
 Ozocubu's Refrigeration  Ice            20%        4d12      80%         7
 Enfeeble                 Hex            20%        N/A       99%         7
 Haunt                    Necr/Summ      20%        N/A       99%         7
 Malign Gateway           Summ/Tloc      20%        N/A       99%         7
 Monstrous Menagerie      Summ           20%        N/A       99%         7
 Discord                  Hex            20%        N/A       100%        8
 Disjunction              Tloc           20%        N/A       100%        8
 Infestation              Necr           20%        N/A       100%        8
 Summon Horrible Things   Summ           20%        N/A       100%        8
 Death's Door             Necr           20%        N/A       100%        9
 Dragon's Call            Summ           20%        N/A       100%        9
 Polar Vortex             Ice            20%        12d2*     100%        9
 Cigotuvi's Dreadful Rot  Necr/Alch/Air  Unusable   N/A       N/A         2
 Sublimation of Blood     Necr           Unusable   N/A       N/A         2

Dungeon Overview and Level Annotations

Branches:
Dungeon (15/15)            Temple (1/1) D:6            Lair (5/5) D:8
 Shoals (4/4) Lair:2       Spider (4/4) Lair:3        Slime (5/5) Lair:5
    Orc (2/2) D:12            Elf (3/3) Orc:2        Vaults (5/5) D:13
  Crypt (3/3) Vaults:3       Tomb (3/3) Crypt:3      Depths (4/4) D:15
   Hell (visited)             Dis (7/7) Hell            Geh (7/7) Hell
    Coc (7/7) Hell            Tar (7/7) Hell            Zot (5/5) Depths:4
 Bailey (visited)           IceCv (visited)         Volcano (visited)
Desolation (visited)

Altars:
Ashenzari
Cheibriados
Dithmenos
Elyvilon
Fedhas
Gozag
Hepliaklqana
Kikubaaqudgha
Makhleb
Nemelex Xobeh
Okawaru
Qazlal
Ru
Sif Muna
Trog
Uskayaw
Vehumet
Wu Jian
Xom
Yredelemnul
Zin
The Shining One
Beogh
Ignis
Jiyva

Shops:
D:1 *   D:8 *   D:12 (   D:14 [   Orc:1 [   Orc:2 [(!   Elf:1 =   Elf:3 !
Shoals:3 ?   Vaults:4 (

Portals:
Hell: Depths:1 Depths:2 Depths:3 Depths:4
Abyss: Depths:2 Depths:3 Depths:4
Pandemonium: Depths:2 Depths:4

Annotations:
Crypt:3 exclusion: door
Depths:4 4 transporters


Innate Abilities, Weirdness & Mutations

You are an undying horror.
Your melee and unarmed attacks drain, slow and weaken victims.
You are immune to unholy pain and torment.
You cannot drink.
You are flying.
You are immune to sickness and miasma.
Your stone body is resilient. (AC +20)
You are immune to poison.
Your large and strong wings let you fly.
You resist negative energy. (rN+)
You are resistant to electric shocks. (rElec)
You are resistant to unholy torment.
You are immune to petrification.
You are partially covered in iridescent scales. (AC +2)
You possess an exceptional clarity of mind.
You are clumsy. (Dex -2)
You are dopey. (Int -2)
You passively map a small area around you.
You occasionally shout uncontrollably at your foes.
You expend magic power (3 MP) to strengthen your wands.


Message History

A balrug is wielding a +1 demon whip of electrocution.
The fire giant is wielding a +1 great sword of flaming.
You yell at the balrug!
Found five items.
As you read the scroll of blinking, it crumbles to dust.
The balrug shouts!
The balrug gestures at you. Something smites you!
* * * LOW HITPOINT WARNING * * *
The balrug hits you with a +0 demon whip.
* * * LOW HITPOINT WARNING * * *
You are engulfed in flames.
You resist.
* * * LOW HITPOINT WARNING * * *
A hellephant comes into view.
You block the hellephant's attack. The hellephant bites you.
* * * LOW HITPOINT WARNING * * *
The hellephant gores you.
* * * LOW HITPOINT WARNING * * *
The hellephant blinks! x3; The hellephant moves out of view.
You cannot drink potions in your current state!
Blink to where?
Press: ? - help, Dir - move target
Found twenty-two items.
Found two gates leading back out of this place.
Found a stone staircase leading down.
As you read the scroll of blinking, it crumbles to dust.
The hellion gestures at you.
The sphere of damnation explodes!
The damnation engulfs you!
* * * LOW HITPOINT WARNING * * *
The hellephant blinks!
The fire giant gestures at you while chanting.
The bolt of fire hits you! You resist.
* * * LOW HITPOINT WARNING * * *
The hellephant blinks!
The hellion gestures at you.
The sphere of damnation explodes!
The damnation engulfs you.
* * * LOW HITPOINT WARNING * * *
The hellephant blinks! x2
You see here a +2 scale mail of fire resistance.
The hellephant breathes flames at you. The blast of flame hits you!!
You resist.
You die...

, .........
▓▓..................
▓........Y...†......
▓........§......Y...
▓)|/§....2...†.)....
▓|:[??...2..........
▓▓$∩$|)...2...2......
▓/?>=[:n.nn.1.†Y1...§
▓!∩z[C...nn2..12†...
▓!??)Yn2.2Y.........
▓[)Y.....n..§.n.....
▓......n.2..........
▓...................
▓▓..................
▓....#####.........
▓▓...#...#.........
.#. ,#.........


You could see 4 hellephants, 8 searing wretches, a fire giant, 4 balrugs and 2
hellions.

Vanquished Creatures
  Cerebov (Pan)
  Antaeus (Coc:7)
  Asmodeus (Geh:7)
  the Royal Jelly (Slime:5)
  Ereshkigal (Tar:7)
  Gloorx Vloq (Pan)
  The ghost of Bines the Petrodigitator, a legendary OpSh of Gozag (Zig:12)
  Mnoleg (Pan)
  Lom Lobon (Pan)
  the Serpent of Hell (Dis:7)
  The ghost of Ometuamn the Heavyweight Champion, a legendary OnSh of Ru (Zig:12)
  3 orbs of fire
  9 dread liches
  Dispater (Dis:7)
  19 ancient liches
  Mara (Shoals:3)
  Mennas (Vaults:2)
  26 pandemonium lords
  9 juggernauts
  The ghost of Ussulutyn the Demonic Barricade, a legendary DsFi of Qazlal (Zig:12)
  The ghost of Lagif the Conqueror, a legendary MiFi of Zin (Zig:12)
  Josephina (Crypt:3)
  The ghost of Hoiham the Axe Maniac, a legendary MiFi of Okawaru (Zig:12)
  Bai Suzhen (Spider:3)
  The ghost of Ysol the Archmage, a legendary OpHW of Jiyva (Zig:12)
  Sojobo (Depths:2)
  30 royal mummies
  Boris (twice) (Vaults:2 Depths:1)
  Parghit (Zot:4)
  22 shard shrikes
  14 Killer Klowns
  Saint Roka (Vaults:5)
  The ghost of Joextigh the Crack Shot, a veteran KoHu of Okawaru (Vaults:3)
  Margery (Vaults:2)
  39 caustic shrikes
  A caustic shrike (shapeshifter) (Zig:20)
  Nikola (Depths:2)
  The ghost of Wyithres the Warrior, an adept MiFi of Beogh (Depths:2)
  20 profane servitors
  Geryon (Hell)
  13 bone dragons
  Jory (Vaults:2)
  8 golden dragons
  15 doom hounds
  18 Brimstone Fiends
  6 hellephants
  24 Tzitzimimeh
  3 electric golems
  12 tentacled monstrosities
  18 iron giants
  A shard shrike zombie (Crypt:1)
  2 spectral shard shrikes (Tar:4)
  37 Ice Fiends
  Zenata (Vaults:2)
  13 quicksilver dragons
  48 Hell Sentinels
  22 tainted leviathans
  A walking earthen tome (Depths:3)
  Grunn (Depths:4)
  2 quicksilver dragons (shapeshifter)
  4 deep elf master archers
  22 Orb Guardians (Zot:5)
  2 deep elf blademasters (Elf:3)
  24 searing wretches
  21 acid blobs
  11 liches
  22 titans
  A walking frostbound tome (Depths:3)
  3 tentacled starspawn (Abyss:3)
  64 Executioners
  7 death cobs
  Gastronok (Lair:1)
  15 sphinxes
  37 ancient champions
  5 tengu reavers
  Donald (Vaults:3)
  Agnes (Spider:1)
  26 storm dragons
  Aizul (Spider:3)
  12 shadow dragons
  A fenstrider witch (shapeshifter) (Zig:11)
  A shadow dragon (shapeshifter) (Zig:20)
  22 rockslimes
  3 draconian knights
  15 protean progenitors
  5 revenants
  20 frost giants
  Ilsuiw (Shoals:4)
  21 demonspawn warmongers
  28 azure jellies
  36 fire giants
  17 quicksilver elementals
  A nagaraja (Pan)
  2 fenstrider witches
  22 narguns
  A frost giant (shapeshifter) (Zig:11)
  2 draconian monks
  2 imperial myrmidons (Desolation)
  11 deep elf sorcerers
  3 deep elf elementalists (Elf:3)
  74 balrugs
  16 ghost moths
  10 draconian scorchers
  20 vault wardens
  3 draconian shifters
  A spectral caustic shrike (Depths:2)
  A spectral juggernaut (Tar:2)
  2 emperor scorpions
  9 iron dragons
  6 shard shrike simulacra
  35 cacodemons
  24 quicksilver oozes
  3 draconian stormcallers
  4 curse skulls
  16 ironbound preservers
  A caustic shrike zombie (Tomb:2)
  6 ghouls
  3 angels
  21 demonspawn blood saints
  63 reapers
  15 demonspawn corrupters
  12 formless jellyfish
  4 ironbound thunderhulks
  7 juggernaut skeletons
  2 orc warlords
  6 draconian annihilators
  32 very ugly things
  20 stone giants
  7 deep elf death magi
  A stone giant (shapeshifter) (Zig:11)
  2 broodmothers
  20 demonspawn black suns
  4 vampire knights (Crypt:1)
  12 bennus
  Nessos (Lair:4)
  5 deep elf demonologists
  19 lorocyprocas
  30 dire elephants
  8 caustic shrike skeletons
  11 yellow draconians
  26 elemental wellsprings
  19 spark wasps
  5 white draconians
  4 halazid warlocks (Desolation)
  33 putrid mouths
  12 deep elf annihilators
  10 green draconians
  12 purple draconians
  6 red draconians
  10 black draconians
  2 spectral titans
  29 war gargoyles
  28 iron golems
  23 wendigos
  5 merfolk impalers
  31 blizzard demons
  Snorg (Orc:2)
  12 eidola
  A fire dragon (shapeshifter) (Zig:20)
  10 merfolk javelineers
  3 entropy weavers
  26 green deaths
  15 mummy priests
  16 ettins
  3 spectral krakens (Tar:7)
  A crystal guardian (Vaults:1)
  A shambling mangrove (Zig:4)
  10 ragged hierophants (Desolation)
  14 fire dragons
  4 jiangshi
  A quicksilver dragon zombie (Crypt:3)
  4 deep elf high priests
  A spectral golden dragon (Depths:2)
  11 yaktaur captains
  10 great orbs of eyes
  4 spriggan zombies (Crypt:3)
  A quicksilver dragon skeleton (Crypt:3)
  11 servants of whispers
  3 ogre magi
  5 juggernaut simulacra
  6 peacekeepers
  11 hydras
  4 spectral spriggans
  18 caustic shrike simulacra
  A sphinx zombie (Crypt:1)
  5 hell beasts
  5 merfolk avatars
  33 vault guards
  6 ice dragons
  5 salamander tyrants
  3 catoblepae
  11 ironbound frosthearts
  3 spriggan skeletons
  A fenstrider witch skeleton (Tomb:1)
  5 spriggan air magi
  7 jorogumos
  3 radroaches (Spider:4)
  5 satyrs
  8 rakshasas
  12 centaur warriors
  A ghost crab (Zig:12)
  25 stokers
  A two-headed ogre (shapeshifter) (Zig:20)
  3 death yaks
  13 merfolk aquamancers
  2 death knights (Crypt:1)
  4 alligator snapping turtles
  37 hell hogs
  23 dancing weapons
  9 boulder beetles
  6 deep troll shamans
  9 two-headed ogres
  3 tengu warriors
  9 orc high priests
  9 thrashing horrors (Abyss:3)
  56 demonic crawlers
  A spectral naga (Tar:4)
  4 spriggan berserkers
  10 vampire magi
  A shock serpent (shapeshifter) (Zig:20)
  3 shock serpents (Pan)
  6 holy swine (Pan)
  A spectral dire elephant (Tar:1)
  2 occultists
  A naga sharpshooter (Zig:13)
  12 deep elf knights
  4 deep troll earth magi
  133 sun demons
  3 spriggans
  An iron troll (shapeshifter) (Zig:20)
  A storm dragon zombie (Crypt:1)
  Sonja (Orc:2)
  17 crystal echidnas
  23 hell knights
  A wretched star (Abyss:3)
  78 soul eaters
  4 hellephant skeletons (Pan)
  A titan skeleton (Tomb:1)
  3 skysharks (shapeshifter)
  A fire crab (shapeshifter) (D:14)
  7 pharaoh ants
  9 skysharks
  A spectral bunyip (Tar:1)
  59 sixfirhies
  6 shadow wraiths
  3 iron trolls
  A spectral anaconda (Tar:6)
  3 goliath frogs
  2 bunyip zombies (Crypt:3)
  53 deep trolls
  A sea snake (shapeshifter) (Zig:20)
  3 death drakes (Zig:21)
  7 swamp dragons (Zig:21)
  46 shadow demons
  An iron giant zombie (Crypt:2)
  8 quicksilver dragon simulacra
  5 spriggan druids (Zig:18)
  6 orb spiders
  12 sun moths
  3 anaconda zombies
  18 sea snakes
  A spectral iron dragon (Depths:2)
  2 orange crystal statues
  12 skeletal warriors
  A snapping turtle (shapeshifter) (Vaults:5)
  6 arcanists
  4 bog bodies
  11 flayed ghosts
  A deep troll (shapeshifter) (Zig:7)
  A lindwurm (shapeshifter) (Zig:20)
  2 kraken simulacra (Coc:7)
  20 ironbound convokers
  6 thermic dynamos
  A spectral alligator (Tar:1)
  10 starcursed masses (Abyss:3)
  Pikel (D:7)
  9 harpies
  6 glowing orange brains
  2 obsidian statues (Zig:6)
  21 lindwurms
  A spectral hydra (Tar:4)
  10 phantasmal warriors
  24 necromancers
  A shadow dragon zombie (Crypt:2)
  An alligator zombie (Hell)
  13 deep elf archers
  3 steelbarb worms (Spider:4)
  A tengu zombie (Depths:3)
  6 orc sorcerers
  12 orc knights
  4 anaconda skeletons
  17 oklob plants
  26 ugly things
  A stone giant zombie (Tomb:1)
  30 deep elf pyromancers
  30 wolf spiders
  22 deep elf zephyrmancers
  2 shadow dragon skeletons (Crypt:3)
  2 fauns (shapeshifter)
  A wolf spider (shapeshifter) (Zig:7)
  22 fauns
  12 shining eyes
  15 manticores
  A shining eye (shapeshifter) (Elf:3)
  10 cyclopes
  Maurice (D:7)
  2 salamanders
  An alligator skeleton (Hell)
  A dire elephant zombie (Crypt:3)
  3 meliai (D:13)
  A meliai (shapeshifter) (Elf:1)
  27 moths of wrath
  9 kobold blastminers
  8 apocalypse crabs
  6 guardian serpents
  2 worldbinders (Abyss:3)
  A jorogumo skeleton (Crypt:2)
  2 eyes of devastation (shapeshifter) (Zig:20)
  17 elephants
  9 rust devils
  21 vault sentinels
  6 water nymphs
  8 merfolk sirens
  4 eyes of devastation
  5 titan simulacra
  5 black mambas
  4 water nymphs (shapeshifter)
  2 molten gargoyles (Hell)
  7 ice statues
  A storm dragon simulacrum (Crypt:3)
  A naga mage (Abyss:3)
  2 dire elephant skeletons
  118 large abominations
  A centaur skeleton (Crypt:3)
  2 cane toads (shapeshifter)
  31 orange demons
  104 smoke demons
  3 naga zombies (Crypt:3)
  5 spectral swamp worms (Tar:7)
  19 cane toads
  9 torpor snails
  An emperor scorpion simulacrum (Coc:1)
  An unseen horror (D:10)
  56 hellions
  5 golden dragon simulacra
  15 efreet
  10 rime drakes
  13 freezing wraiths
  An unseen horror (shapeshifter) (Zig:16)
  Jeremiah (D:6)
  29 yaktaurs
  24 komodo dragons
  44 tormentors
  11 anaconda simulacra
  12 ice devils
  2 tengu conjurers
  3 ancient zymes (Abyss:3)
  4 iron giant simulacra
  A kobold demonologist (D:14)
  25 merfolk
  48 hellwings
  2 hydra zombies (Hell)
  2 merfolk (shapeshifter)
  50 guardian mummies
  2 silent spectres
  6 spectral harpies
  A bunyip simulacrum (Coc:2)
  A sea snake skeleton (Hell)
  A purple draconian skeleton (Crypt:1)
  5 trolls
  2 tengu simulacra
  3 trolls (shapeshifter)
  12 red devils
  2 harpy zombies (Crypt:3)
  A shadow dragon simulacrum (Coc:1)
  9 wind drakes
  15 hornets
  Grinder (D:4)
  Prince Ribbit (Bailey)
  A minotaur skeleton (Crypt:1)
  59 saltlings (Desolation)
  13 tarantellas
  7 dream sheep
  A hydra skeleton (Crypt:3)
  6 polar bears
  7 raiju (Abyss:3)
  A polar bear (shapeshifter) (D:13)
  A blink frog (shapeshifter) (Elf:1)
  A harpy skeleton (Crypt:3)
  10 glass eyes
  3 tyrant leeches (Zig:20)
  30 blink frogs
  A guardian serpent zombie (Crypt:1)
  2 stone giant simulacra
  8 snapping turtles
  A radroach zombie (Crypt:2)
  108 slime creatures
  30 jumping spiders
  4 iron dragon simulacra
  An air elemental (Elf:2)
  Sigmund (D:3)
  2 centaur simulacra (Coc:2)
  2 fire dragon skeletons (Geh:1)
  9 dire elephant simulacra
  23 culicivoras
  A wyvern (shapeshifter) (Elf:1)
  An ettin skeleton (Tomb:1)
  13 water elementals
  94 ynoxinuls
  2 humans (Bailey)
  11 ushabtiu
  6 wyverns
  A shadow (D:12)
  11 wraiths
  A yak (shapeshifter) (Zig:5)
  A vampire (D:14)
  5 fire elementals
  Eustachio (D:6)
  8 steam dragons
  5 basilisks
  6 wargs
  42 yaks
  2 black mamba skeletons
  9 fire bats
  23 golden eyes
  45 redbacks
  A death yak simulacrum (D:12)
  53 neqoxecs
  An alligator snapping turtle simulacrum (Coc:1)
  5 vampire mosquitoes
  A sea snake simulacrum (Hell)
  104 chaos spawn
  22 harpy simulacra
  An acid dragon (shapeshifter) (Elf:1)
  4 acid dragons
  18 water moccasins
  11 hell hounds
  Duvessa (D:6)
  4 hydra simulacra
  2 swamp drakes (Zig:21)
  A merfolk simulacrum (Crypt:3)
  9 ice beasts
  62 orc warriors
  3 sky beasts
  9 ettin simulacra
  8 small abominations (Abyss:3)
  4 black bears
  38 laughing skulls
  A black mamba simulacrum (Coc:2)
  5 ogres
  8 centaurs
  12 wolves
  4 lemures (D:7)
  2 phantoms (D:5)
  6 weeping skulls
  A komodo dragon zombie (Crypt:1)
  Blork the orc (D:4)
  A salamander zombie (Crypt:1)
  A wyvern zombie (D:6)
  7 brain worms
  5 kobold brigands
  A fire crab zombie (Crypt:1)
  A cyclops zombie (Crypt:2)
  5 gnoll sergeants
  18 bullfrogs
  3 earth elementals
  A glowing shapeshifter simulacrum (Depths:2)
  A komodo dragon skeleton (Crypt:1)
  5 scorpions
  A two-headed ogre simulacrum (D:12)
  5 wyvern skeletons (Crypt:3)
  2 water moccasin zombies (D:6)
  11 wights
  Dowan (D:6)
  3 killer bees (D:10)
  13 electric eels
  4 howler monkeys
  A bombardier beetle (D:4)
  2 crimson imps (Zig:22)
  A bullfrog zombie (D:6)
  A human zombie (D:6)
  2 jellies
  A hound (D:4)
  Crazy Yiuf (D:4)
  30 orc priests
  A gnoll bouda (D:6)
  A sleepcap (D:7)
  14 hell rats
  8 iguanas (Lair:1)
  29 orc wizards
  6 spriggan simulacra
  3 troll simulacra (D:12)
  2 naga skeletons (Crypt:2)
  27 mummies
  Robin (D:3)
  23 gnolls
  10 naga simulacra
  5 adders
  A swamp drake skeleton (Crypt:2)
  4 white imps
  6 ufetubi
  2 dart slugs
  3 ribbon worms
  87 orcs
  7 ball pythons
  5 endoplasms
  A giant cockroach (D:1)
  18 goblins
  11 hobgoblins
  3 jackals (D:4)
  18 kobolds
  5 quokkas
  4 bats
  18 frilled lizards
  8 rats
  A spectral orc (D:4)
  16 aspiring fleshes
  11 ball lightnings (Pan)
  10 creeping infernos
  2 fire vortices
  4 starspawn tentacles (Abyss:3)
  4 tentacles (Tar:7)
5632 creatures vanquished.

Vanquished Creatures (collateral kills)
  A royal mummy (Tomb:1)
  A Tzitzimitl (Zig:14)
  An Ice Fiend (Pan)
  4 tainted leviathans
  3 Orb Guardians (Zot:5)
  A pandemonium lord (Pan)
  A titan (Coc:7)
  An acid blob (Slime:3)
  2 Executioners (Pan)
  A tengu reaver (Zig:16)
  A nagaraja (Pan)
  A shadow dragon (Vaults:5)
  A demonspawn warmonger (Pan)
  A vault warden (Vaults:5)
  4 reapers (Pan)
  A demonspawn corrupter (Pan)
  A caustic shrike skeleton (Pan)
  2 stone giants (Depths:1)
  A vampire knight (Depths:1)
  2 purple draconians
  A deep elf death mage (Crypt:3)
  2 white draconians (Zot:4)
  An ettin (Zig:20)
  A green death (Pan)
  A spriggan skeleton (Crypt:3)
  A spriggan zombie (Crypt:3)
  A demonic crawler (Pan)
  A soul eater (Pan)
  A kraken simulacrum (Coc:7)
  An iron dragon skeleton (Depths:3)
  2 smoke demons (Pan)
  A spectral centaur (Tar:2)
  A bunyip simulacrum (Coc:2)
  A slime creature (Slime:4)
  An ettin skeleton (Tomb:1)
  A ynoxinul (Pan)
  A golden eye (Pan)
  A chaos spawn (Pan)
  2 harpy simulacra
  A skyshark zombie (Crypt:2)
  3 aspiring fleshes
57 creatures vanquished.

Vanquished Creatures (others)
  A pandemonium lord (Pan)
  A Killer Klown (Zig:11)
  A searing wretch (Geh:3)
  An Executioner (Pan)
  2 stokers
  A spectral naga (Tar:2)
  2 sixfirhies (Pan)
  A deep elf archer (Elf:3)
  A phantasmal warrior (Zig:12)
  A titan simulacrum (Coc:7)
  A redback (Spider:3)
  A laughing skull (D:15)
  A quasit (Pan)
  A white imp (Pan)
  A frilled lizard (Lair:1)
  10 ball lightnings (Pan)
  829 fire vortices
  2 foxfires (Abyss:3)
  4 tentacles (Coc:7)
862 creatures vanquished.

Grand Total: 6551 creatures vanquished

Notes
Turn   | Place    | Note
-------+----------+-------------------------------------------
     0 | D:1      | CougarLife the Gargoyle Earth Elementalist began the quest
                  | for the Orb.
     0 | D:1      | Reached XP level 1. HP: 10/10 MP: 3/3
   345 | D:1      | Reached XP level 2. HP: 15/15 MP: 3/5
   582 | D:1      | Found Voanos's Assorted Antiques.
  1020 | D:2      | Reached XP level 3. HP: 19/19 MP: 4/6
  1278 | D:2      | Found a faded altar of an unknown god.
  1757 | D:3      | Noticed Sigmund
  1764 | D:3      | Killed Sigmund
  1765 | D:3      | Reached skill level 5 in Earth Magic
  1765 | D:3      | Reached XP level 4. HP: 11/24 MP: 0/9
  1765 | D:3      | Reached XP level 5. HP: 13/28 MP: 0/10
  2121 | D:3      | Reached XP level 6. HP: 32/32 MP: 6/11
  2163 | D:3      | Identified the staff "Buxarupu" {rElec Dex+5 Air}
  2238 | D:3      | Noticed Robin
  2257 | D:3      | Killed Robin
  2672 | D:3      | Found an ancient bone altar of Kikubaaqudgha.
  2677 | D:3      | Learned a level 3 spell: Stone Arrow
  2923 | D:4      | Noticed Grinder
  2926 | D:4      | Paralysed by Grinder for 4 turns
  2928 | D:4      | Noticed a black bear
  3108 | D:3      | Killed a black bear
  3109 | D:3      | Reached XP level 7. HP: 19/36 MP: 2/13
  3301 | D:4      | Killed Grinder
  3302 | D:4      | Reached skill level 5 in Conjurations
  3559 | D:4      | Found a runed translucent door.
  3560 | D:4      | Noticed Crazy Yiuf
  3717 | D:4      | Reached skill level 5 in Spellcasting
  3721 | D:4      | Reached XP level 8. HP: 27/41 MP: 10/15
  3804 | D:4      | Noticed Blork the orc
  3808 | D:4      | Killed Blork the orc
  4016 | D:4      | Found a hazy altar of Hepliaklqana.
  4056 | D:4      | Killed Crazy Yiuf
  4095 | D:5      | Entered Level 5 of the Dungeon
  4344 | D:5      | Found a glowing silver altar of Zin.
  4345 | D:5      | Found a broken altar of Ashenzari.
  5003 | D:6      | Found a staircase to the Ecumenical Temple.
  5005 | D:6      | Noticed Duvessa
  5006 | D:6      | Noticed Dowan
  5013 | D:6      | Killed Duvessa
  5017 | D:6      | Killed Dowan
  5027 | Temple   | Entered the Ecumenical Temple
  5062 | Temple   | Became a worshipper of Vehumet
  5109 | D:6      | Noticed Jeremiah
  5233 | D:6      | Killed Jeremiah
  5234 | D:6      | Reached XP level 9. HP: 11/45 MP: 13/18
  5660 | D:6      | Noticed Eustachio
  5664 | D:6      | Killed Eustachio
  5823 | D:6      | Reached * piety under Vehumet
  5823 | D:6      | Offered knowledge of Foxfire by Vehumet.
  6061 | D:6      | Found a basalt altar of Yredelemnul.
  6659 | D:7      | Reached skill level 10 in Earth Magic
  6751 | D:7      | Found a flagged portal.
  6762 | Bailey   | Entered a bailey
  6772 | Bailey   | Reached XP level 10. HP: 45/50 MP: 10/21
  7022 | Bailey   | Noticed a vault guard
  7024 | Bailey   | Noticed Prince Ribbit
  7041 | Bailey   | Killed Prince Ribbit
  7185 | D:7      | Found a snail-covered altar of Cheibriados.
  7213 | D:7      | Noticed Pikel
  7394 | D:7      | Killed Pikel
  7494 | D:7      | Noticed Maurice
  7513 | D:7      | Something stole 2 throwing nets
  7514 | D:7      | Something stole a +0 dagger
  7523 | D:7      | Something stole 171 gold
  7532 | D:7      | Killed Maurice
  7816 | D:7      | Reached ** piety under Vehumet
  7960 | D:7      | Offered knowledge of Magic Dart by Vehumet.
  8195 | D:7      | Reached skill level 10 in Conjurations
  8589 | D:8      | Found a shimmering blue altar of Sif Muna.
  8919 | D:8      | Reached XP level 11. HP: 54/54 MP: 20/24
  9074 | D:8      | Found a staircase to the Lair.
  9117 | D:8      | Offered knowledge of Searing Ray by Vehumet.
  9461 | D:8      | Found Fodoany's Demolitions Depot.
  9798 | D:9      | Found a glowing golden altar of the Shining One.
 10009 | D:9      | Found an opulent altar of Gozag.
 10096 | D:9      | Noticed a two-headed ogre
 10105 | D:9      | Reached *** piety under Vehumet
 10106 | D:9      | HP: 1/54 [two-headed ogre/+0 giant club (15)]
 10108 | D:9      | Killed a two-headed ogre
 10303 | D:9      | Identified the ring of the Ancient Ships {rC++ Int+3 SInv
                  | Stlth+}
 10303 | D:9      | Noticed a centaur warrior
 10317 | D:9      | Killed a centaur warrior
 10425 | D:9      | Noticed a rakshasa
 10425 | D:9      | Noticed a two-headed ogre
 10528 | D:9      | Learned a level 5 spell: Irradiate
 10633 | D:9      | Noticed a manticore
 10640 | D:9      | Killed a manticore
 10641 | D:9      | Reached skill level 10 in Spellcasting
 10887 | D:9      | Noticed a cyclops
 10898 | D:9      | Killed a cyclops
 10981 | D:9      | Killed a rakshasa
 11072 | D:9      | Identified the ring "Puril" {rN++ rCorr}
 11172 | D:9      | Killed a two-headed ogre
 11249 | D:9      | Noticed a two-headed ogre
 11255 | D:9      | Killed a two-headed ogre
 11256 | D:9      | Reached XP level 12. HP: 59/59 MP: 19/26
 11606 | D:9      | Identified the amulet of the Burgomaster {Acrobat rC+ Int+4
                  | Dex+3}
 11606 | D:9      | Noticed a centaur warrior
 11621 | D:9      | Killed a centaur warrior
 11749 | D:10     | Entered Level 10 of the Dungeon
 11809 | D:10     | Offered knowledge of Flame Wave by Vehumet.
 12238 | D:10     | Gained mutation: You are weak. (Str -2) [mutagenic glow]
 12391 | D:10     | Found a hide-covered altar of Uskayaw.
 12651 | D:10     | Noticed a two-headed ogre
 12657 | D:10     | Killed a two-headed ogre
 12678 | D:10     | Reached **** piety under Vehumet
 12851 | D:10     | Offered knowledge of Yara's Violent Unravelling by Vehumet.
 13421 | D:11     | Found a shadowy altar of Dithmenos.
 13589 | D:11     | Noticed a two-headed ogre
 13595 | D:11     | Killed a two-headed ogre
 13909 | Lair:1   | Entered Level 1 of the Lair of Beasts
 14409 | Lair:1   | Noticed Gastronok
 14427 | Lair:1   | Killed Gastronok
 14428 | Lair:1   | Reached skill level 1 in Fighting
 14816 | Lair:1   | Found the +15 Maxwell's patent armour {-Cast -Tele rElec
                  | Will+ rCorr}
 14892 | Lair:1   | Found an opulent altar of Gozag.
 16034 | Lair:2   | Reached XP level 13. HP: 69/69 MP: 21/28
 16255 | Lair:2   | Reached skill level 15 in Earth Magic
 17234 | Lair:3   | Reached ***** piety under Vehumet
 17237 | Lair:3   | Reached skill level 5 in Fighting
 17241 | Lair:3   | Offered knowledge of Fulminant Prism by Vehumet.
 18231 | Lair:3   | Found a hole to the Spider Nest.
 18931 | Lair:4   | Offered knowledge of Iskenderun's Battlesphere by Vehumet.
 19292 | Lair:4   | Gained mutation: Your large and strong wings let you fly.
                  | [Gargoyle growth]
 19292 | Lair:4   | Reached XP level 14. HP: 66/80 MP: 20/30
 19351 | Lair:4   | Noticed Nessos
 19681 | Lair:4   | Learned a level 6 spell: Bombard
 19948 | Lair:4   | Killed Nessos
 20198 | Lair:5   | Entered Level 5 of the Lair of Beasts
 20327 | Lair:5   | Found a dark tunnel.
 20336 | Volcano  | Entered a volcano
 21302 | Lair:5   | Reached skill level 15 in Conjurations
 21304 | Lair:5   | Reached skill level 1 in Armour
 23486 | Lair:5   | Offered knowledge of Eringya's Noxious Bog by Vehumet.
 23553 | Lair:5   | Found a staircase to the Slime Pits.
 23554 | Lair:5   | Found a viscous altar of Jiyva.
 23563 | Lair:5   | Reached XP level 15. HP: 88/88 MP: 18/32
 23826 | Lair:5   | Found the +9 sword of Zonguldrok {reap}
 23844 | Lair:5   | Identified the amulet "Muttib" {Reflect Will+ SH+5}
 24626 | D:12     | Found a frozen archway.
 24671 | D:12     | Reached skill level 5 in Armour
 24694 | IceCv    | Entered an ice cave
 26106 | D:12     | Found Zasex's Weapon Shop.
 26107 | D:12     | Found a staircase to the Orcish Mines.
 26184 | D:12     | Offered knowledge of Freezing Cloud by Vehumet.
 26231 | D:12     | Learned a level 5 spell: Freezing Cloud
 26654 | Orc:1    | Entered Level 1 of the Orcish Mines
 26956 | Orc:1    | Found Teif Bac's Armour Shop.
 27329 | Orc:1    | Found a bloodstained altar of Trog.
 27885 | Orc:1    | Found a roughly hewn altar of Beogh.
 28152 | Orc:2    | Entered Level 2 of the Orcish Mines
 28152 | Orc:2    | Found a roughly hewn altar of Beogh.
 28547 | Orc:2    | Noticed Snorg
 28555 | Orc:2    | Killed Snorg
 28556 | Orc:2    | Reached skill level 1 in Fire Magic
 29081 | Orc:2    | Noticed Sonja
 29085 | Orc:2    | Killed Sonja
 29405 | Orc:2    | Found a roughly hewn altar of Beogh.
 29406 | Orc:2    | Found Optukuca's Distillery.
 29415 | Orc:2    | Bought a potion of resistance for 140 gold pieces
 29415 | Orc:2    | Bought a potion of magic for 112 gold pieces
 29415 | Orc:2    | Bought a potion of ambrosia for 112 gold pieces
 29460 | Orc:2    | Found a staircase to the Elven Halls.
 29773 | Orc:2    | Noticed an orc warlord
 29779 | Orc:2    | Killed an orc warlord
 29960 | Orc:2    | Offered knowledge of Fireball by Vehumet.
 30060 | Orc:2    | Found Vuila's Antique Armour Shop.
 30061 | Orc:2    | Found a roughly hewn altar of Beogh.
 30064 | Orc:2    | Found Wizxaol's Antique Weapon Boutique.
 30232 | Orc:2    | Found a roughly hewn altar of Beogh.
 30353 | Orc:2    | Found Unlesuo's Antique Armour Shoppe.
 30410 | Orc:2    | Bought a pair of crude boots for 361 gold pieces
 30410 | Orc:2    | Identified the -2 pair of boots "Hiwot" {rCorr MP-9 Int+2}
                  | (You bought it in a shop on level 2 of the Orcish Mines)
 30410 | Orc:2    | Bought a pair of fading boots for 361 gold pieces
 30410 | Orc:2    | Identified the +1 pair of boots of Weak the Leaf {Rampage
                  | Fly MP+9 Str-5} (You bought it in a shop on level 2 of the
                  | Orcish Mines)
 30541 | Orc:2    | Found a roughly hewn altar of Beogh.
 30748 | Orc:2    | Found a roughly hewn altar of Beogh.
 30812 | Orc:2    | Found a roughly hewn altar of Beogh.
 30836 | Orc:2    | Found a roughly hewn altar of Beogh.
 31236 | D:13     | Reached skill level 1 in Air Magic
 31421 | D:13     | Found a gate to the Vaults.
 31673 | D:13     | Reached XP level 16. HP: 93/93 MP: 34/34
 31700 | D:13     | Found a portal to a secret trove of treasure.
 32038 | D:14     | Found Ycleron's Armour Boutique.
 32049 | D:14     | Offered knowledge of Plasma Beam by Vehumet.
 32745 | D:14     | Found a shimmering altar of Xom.
 32745 | D:14     | Found a shimmering altar of Xom.
 32745 | D:14     | Found a shimmering altar of Xom.
 32746 | D:14     | Found a shimmering altar of Xom.
 32746 | D:14     | Found a shimmering altar of Xom.
 32747 | D:14     | Found a shimmering altar of Xom.
 32784 | D:15     | Entered Level 15 of the Dungeon
 32829 | D:15     | Found a staircase to the Depths.
 33359 | D:15     | Identified a scroll of acquirement
 33360 | D:15     | Acquired 1008 gold pieces
 33747 | D:15     | Found the +3 giant club "Skullcrusher" {speed, Str+7}
 35175 | Shoals:1 | Entered Level 1 of the Shoals
 35514 | Shoals:1 | Reached skill level 15 in Spellcasting
 35571 | Shoals:1 | Offered knowledge of Ozocubu's Refrigeration by Vehumet.
 36906 | Shoals:2 | Reached skill level 5 in Air Magic
 37828 | Shoals:2 | Reached XP level 17. HP: 99/99 MP: 30/36
 38157 | Shoals:2 | Identified the +10 rapier of the Grinning Hero {heavy,
                  | Int+3 Dex+3}
 38990 | Shoals:3 | Identified the +0 ring mail of the Turtledove {-Cast rN++
                  | Slay+2}
 39634 | Shoals:3 | Found Xuaphur's Magic Scroll Emporium.
 39639 | Shoals:3 | Bought a scroll of revelation for 127 gold pieces
 39639 | Shoals:3 | Bought a scroll of summoning for 161 gold pieces
 39639 | Shoals:3 | Bought a scroll of teleportation for 51 gold pieces
 39648 | Shoals:4 | Entered Level 4 of the Shoals
 39648 | Shoals:4 | Noticed Mara
 39653 | Shoals:3 | Killed Mara
 40051 | D:13     | You paid a toll of a +5 demon whip to enter a treasure
                  | trove
 40052 | Trove    | Entered a treasure trove
 40063 | Trove    | Identified the +3 arbalest of the Ancient Wars {antimagic,
                  | rElec rF+ rC++ Str-2}
 40064 | Trove    | Identified the +7 battleaxe of Wiykhodi {elec, Dex+3
                  | Stlth+}
 40090 | Trove    | Identified the +7 rapier of Honour {flame, rC- rN+ Will++
                  | rCorr}
 40105 | Trove    | Identified the +6 quarterstaff of the Crypt {freeze, +Blink
                  | rElec rCorr Stlth-}
 41227 | Shoals:4 | Noticed Ilsuiw
 41847 | Shoals:4 | Identified the amulet of Homef {Acrobat +Blink rPois}
 42353 | Shoals:4 | Killed Ilsuiw
 42876 | Shoals:4 | Reached skill level 10 in Fighting
 43302 | Shoals:4 | Got a barnacled rune of Zot
 43416 | Shoals:4 | Reached XP level 18. HP: 107/107 MP: 32/38
 43755 | Spider:1 | Entered Level 1 of the Spider Nest
 44433 | Spider:1 | Noticed Agnes
 44437 | Spider:1 | Killed Agnes
 45321 | Spider:1 | Reached skill level 1 in Shields
 45407 | Spider:1 | Reached ****** piety under Vehumet
 46875 | Spider:2 | Got the Book of Airborne Cadavers
 47457 | Spider:3 | Identified the serpent talisman of Dibekh {rElec Str+8
                  | Dex-3 Stlth-}
 47457 | Spider:3 | Noticed Aizul
 47461 | Spider:3 | Killed Aizul
 47674 | Spider:3 | Offered knowledge of Fire Storm by Vehumet.
 47674 | Spider:3 | Offered knowledge of Ignition by Vehumet.
 47674 | Spider:3 | Offered knowledge of Maxwell's Capacitive Coupling by
                  | Vehumet.
 48006 | Spider:3 | Noticed Bai Suzhen
 48027 | Spider:3 | Killed Bai Suzhen
 49241 | Spider:4 | Entered Level 4 of the Spider Nest
 49966 | Spider:4 | Reached skill level 5 in Fire Magic
 50017 | Spider:4 | Reached XP level 19. HP: 112/112 MP: 35/39
 50174 | Spider:4 | Identified the +9 hand axe of Sequestration {protect, Str+5
                  | Int-3 SInv}
 50217 | Spider:4 | Reached skill level 5 in Shields
 50221 | Spider:4 | Gained mutation: You are frail. (-10% HP) [mutagenic glow]
 51438 | Spider:4 | Gained mutation: Your body sometimes deteriorates upon
                  | taking damage. [mutagenic glow]
 51763 | Spider:4 | Got a gossamer rune of Zot
 52615 | Elf:1    | Entered Level 1 of the Elven Halls
 53019 | Elf:1    | Identified the +2 buckler "Neiw" {*Slow Int+4}
 53768 | Elf:1    | Found Ibba's Jewellery Shop.
 53989 | Elf:2    | Found a flickering gateway to a bazaar.
 54046 | Bazaar   | Entered a bazaar
 54046 | Bazaar   | Found Pima's Antique Armour Boutique.
 54046 | Bazaar   | Found Zyth's Armour Shop.
 54046 | Bazaar   | Found Xablat's Antique Weapon Boutique.
 54046 | Bazaar   | Found Cedec's Distillery.
 54046 | Bazaar   | Found Xaffy's Magic Scroll Shop.
 54046 | Bazaar   | Found Deliwkuj's Distillery.
 54056 | Bazaar   | Bought a potion of magic for 104 gold pieces
 54056 | Bazaar   | Bought a potion of magic for 104 gold pieces
 54056 | Bazaar   | Bought a potion of heal wounds for 65 gold pieces
 54056 | Bazaar   | Bought a potion of heal wounds for 65 gold pieces
 54056 | Bazaar   | Bought a potion of heal wounds for 65 gold pieces
 54056 | Bazaar   | Bought a potion of brilliance for 52 gold pieces
 54098 | Bazaar   | Bought a scroll of teleportation for 54 gold pieces
 54100 | Bazaar   | Bought a potion of enlightenment for 55 gold pieces
 54100 | Bazaar   | Bought a potion of curing for 33 gold pieces
 54100 | Bazaar   | Bought a potion of curing for 33 gold pieces
 54100 | Bazaar   | Bought a potion of curing for 33 gold pieces
 54102 | Bazaar   | Bought a runed kite shield for 202 gold pieces
 54102 | Bazaar   | Bought a pair of runed gloves for 202 gold pieces
 54788 | Elf:2    | Found a runed translucent gate.
 54788 | Elf:2    | Found a runed translucent gate.
 54788 | Elf:2    | Found a runed translucent gate.
 55587 | Elf:2    | Reached XP level 20. HP: 105/105 MP: 41/41
 56061 | Elf:3    | Entered Level 3 of the Elven Halls
 56627 | Elf:3    | Lost mutation: You are weak. (Str -2) [potion of mutation]
 56627 | Elf:3    | Lost mutation: Your body sometimes deteriorates upon taking
                  | damage. [potion of mutation]
 56627 | Elf:3    | Lost mutation: You are frail. (-10% HP) [potion of
                  | mutation]
 56627 | Elf:3    | Gained mutation: You occasionally shout uncontrollably at
                  | your foes. [potion of mutation]
 56627 | Elf:3    | Gained mutation: You are clumsy. (Dex -2) [potion of
                  | mutation]
 56627 | Elf:3    | Gained mutation: Your flesh is cold resistant. (rC+)
                  | [potion of mutation]
 56679 | Elf:3    | Reached skill level 10 in Fire Magic
 57066 | Elf:3    | Found Yguap's Distillery.
 57079 | Elf:3    | Bought a potion of brilliance for 52 gold pieces
 57079 | Elf:3    | Bought a potion of haste for 130 gold pieces
 57079 | Elf:3    | Bought a potion of heal wounds for 65 gold pieces
 57079 | Elf:3    | Bought a potion of brilliance for 52 gold pieces
 57839 | Elf:3    | Identified the +0 falchion of Propriety {heavy, Dex+3}
 57939 | Elf:3    | Identified the ring of Asaq {rElec rPois rN+ Str+4 Int-4}
 58057 | Elf:3    | Identified the +1 long sword of Japorr {distort, Str+2}
 58339 | Elf:3    | Got the Cyclopedia of Arenous Burning
 58340 | Elf:3    | Identified the staff of the Walnut {rN+ Int+3 Necro}
 58365 | Elf:3    | Identified the +0 mace of Avant Garde Valour {heavy, Int+2}
 58429 | Elf:3    | Identified the +0 helmet of the Learner {rPois rF+ rC-}
 58432 | Elf:3    | Identified the +4 arbalest of Zimavefe {freeze, Int+4}
 58437 | Elf:3    | Identified the staff of the Salmon {rElec rN+ Will- Hexes
                  | Earth}
 58767 | Vaults:1 | Entered Level 1 of the Vaults
 60315 | Vaults:1 | Reached XP level 21. HP: 122/122 MP: 43/43
 60778 | Vaults:1 | Reached skill level 10 in Shields
 61457 | Vaults:2 | Found a white marble altar of Elyvilon.
 61457 | Vaults:2 | Found a crumbling gateway.
 61457 | Vaults:2 | Found a glowing golden altar of the Shining One.
 61473 | Vaults:2 | Found a glowing silver altar of Zin.
 61489 | Desolati | Entered the Desolation of Salt
 61631 | Desolati | Identified the ring "Hafuv" {rN+ Will+ Dex+3}
 61751 | Desolati | Identified the ring "Xihorgh" {Wiz Slay+5}
 62818 | Desolati | Identified the staff "Estrarr" {+Blink rElec Necro Air
                  | Alchemy}
 63234 | Desolati | Found the +5 Lochaber axe {reach-cleave, Poleaxe ^Drain}
 63239 | Desolati | Identified the ring of the Harvest {Fly rElec rPois rF-
                  | Str+6}
 63776 | Desolati | Got the Textbook on Mortification and the Brume
 63779 | Desolati | Identified the ring of the Traitor {rElec rC+ rN+ Dex+4}
 63790 | Desolati | Identified the ring of Egeryl {Fire rCorr Str+3 Dex+3
                  | Stlth+}
 63794 | Desolati | Identified the +8 falchion of the Queen {heavy, rPois
                  | Int+3}
 64355 | Desolati | Got Deasic's Secrets of Limned Hoarfrost
 64542 | Vaults:2 | Noticed Jory
 64547 | Vaults:2 | Killed Jory
 64994 | Vaults:2 | Learned a level 8 spell: Ignition
 65135 | Vaults:2 | Identified the +0 buckler of the Sneaky Defenders {Fly
                  | rElec rPois}
 65479 | Vaults:2 | Identified the +2 robe of Golden the Leaf {Dex+3}
 65479 | Vaults:2 | Noticed Boris
 65483 | Vaults:2 | Killed Boris
 65636 | Vaults:2 | Noticed Mennas
 65690 | Vaults:2 | Reached XP level 22. HP: 59/127 MP: 28/44
 65694 | Vaults:2 | Killed Mennas
 65897 | Vaults:2 | Noticed Margery
 66211 | Vaults:2 | Killed Margery
 66883 | Vaults:2 | Noticed an ancient lich
 66931 | Vaults:2 | Killed an ancient lich
 66932 | Vaults:2 | Reached skill level 15 in Fire Magic
 67078 | Vaults:2 | Got Biarag's Incunable of Fog
 67091 | Vaults:2 | Learned a level 8 spell: Lehudib's Crystal Spear
 67169 | Vaults:3 | Noticed Zenata
 67176 | Vaults:2 | Killed Zenata
 67685 | Vaults:3 | Noticed Donald
 67690 | Vaults:3 | Killed Donald
 68822 | Vaults:3 | Found a runed translucent door.
 68875 | Vaults:3 | Noticed Joextigh's ghost (veteran KoHu)
 68953 | Vaults:3 | Found a staircase to the Crypt.
 69778 | Vaults:3 | Killed Joextigh's ghost
 69789 | Vaults:3 | Acquired a talisman of death
 71183 | Vaults:4 | Reached XP level 23. HP: 132/132 MP: 46/46
 71452 | Vaults:4 | Found Quec's Antique Weapon Shop.
 72225 | Crypt:1  | Entered Level 1 of the Crypt
 72236 | Crypt:1  | Learned a level 9 spell: Fire Storm
 73150 | Vaults:3 | Learned a level 9 spell: Fire Storm
 73438 | Crypt:1  | Identified the +10 chain mail "Fobez" {rElec rPois}
 76092 | Crypt:3  | Entered Level 3 of the Crypt
 76665 | Crypt:3  | Identified the +3 pair of gloves of Mysticism {rPois rF+
                  | Str+3 Int-3}
 77052 | Crypt:3  | Identified the ring "Gucrewul" {Ice Will+ Str+2 Slay+2}
 77053 | Crypt:3  | Noticed Josephina
 77056 | Crypt:3  | Killed Josephina
 77361 | Crypt:3  | Identified the +4 dagger of Action {drain, Str+4}
 77804 | Crypt:3  | Noticed a royal mummy
 77808 | Crypt:3  | Killed a royal mummy
 78552 | Crypt:3  | Found a staircase to the Tomb.
 78853 | Crypt:3  | Identified the staff of Jedok {Will+++ rCorr MP-9 Str-2
                  | Earth}
 78855 | Crypt:3  | Reached skill level 10 in Air Magic
 79013 | Crypt:3  | Found an ancient bone altar of Kikubaaqudgha.
 79323 | Crypt:3  | Noticed an ancient lich
 79326 | Crypt:3  | Killed an ancient lich
 79755 | Crypt:3  | Identified the +1 chain mail "Vaga" {Str+6 Slay+2 Stlth+}
 79757 | Crypt:3  | Identified the death talisman "Buhy" {rF+ Int-5 Dex+2
                  | Stlth+}
 79825 | Crypt:3  | Identified the +1 morningstar "Beastbane" {protect, rN+
                  | Will- Stlth+}
 80141 | Depths:1 | Entered Level 1 of the Depths
 80200 | Depths:1 | Reached XP level 24. HP: 142/142 MP: 39/46
 80258 | Depths:1 | Identified the +3 robe "Doisetzy" {Slay+5 Stlth+}
 80258 | Depths:1 | Noticed Boris
 80260 | Depths:1 | Killed Boris
 80470 | Depths:1 | Found an opulent altar of Gozag.
 80926 | Depths:1 | Found a gateway to Hell.
 81471 | Depths:2 | Found a runed translucent gate.
 81471 | Depths:2 | Found a runed translucent gate.
 81471 | Depths:2 | Found a runed translucent gate.
 81471 | Depths:2 | Noticed Wyithres's ghost (adept MiFi)
 81472 | Depths:2 | Noticed a dread lich
 81547 | Depths:2 | Killed Wyithres's ghost
 81549 | Depths:2 | Killed a dread lich
 81645 | Depths:2 | Identified the ring of Nilarrong {rF+ Dex+6 Slay+4}
 82089 | Depths:2 | Noticed Sojobo
 82094 | Depths:2 | Killed Sojobo
 82665 | Depths:2 | Identified the +0 scale mail of the Unseen Realm {rN++
                  | rCorr MP+9 Int-4}
 82791 | Depths:2 | Noticed Nikola
 82797 | Depths:2 | Killed Nikola
 82814 | Depths:2 | Found a one-way gate to the infinite horrors of the Abyss.
 82820 | Depths:2 | Found a one-way gate leading to the halls of Pandemonium.
 83916 | Depths:3 | Found a flickering gateway to a bazaar.
 83925 | Bazaar   | Entered a bazaar
 83929 | Bazaar   | Found Ucuad's Jewellery Boutique.
 83949 | Bazaar   | Found Qaewnuo's Antique Armour Emporium.
 83965 | Bazaar   | Found Xietuit's Assorted Antiques.
 83974 | Bazaar   | Bought a scroll of teleportation for 78 gold pieces
 83974 | Bazaar   | Bought a scroll of revelation for 195 gold pieces
 83988 | Bazaar   | Found Hugol's Jewellery Shoppe.
 84241 | Depths:3 | Reached XP level 25. HP: 152/152 MP: 46/47
 84421 | Depths:3 | Got the Secrets of the Fatal Magnum Opus
 84911 | Depths:3 | Noticed a juggernaut
 84914 | Depths:3 | Killed a juggernaut
 85354 | Depths:4 | Entered Level 4 of the Depths
 85354 | Depths:4 | Found a flickering gateway to a bazaar.
 85366 | Bazaar   | Entered a bazaar
 85366 | Bazaar   | Found Wumephei's Weapon Boutique.
 85366 | Bazaar   | Found Ranluas's Antique Armour Shop.
 85366 | Bazaar   | Found Qaifimet's Antique Weapon Shop.
 85406 | Depths:4 | Found a one-way gateway to a ziggurat.
 85497 | Depths:4 | Found a transporter.
 85552 | Depths:4 | Found a transporter.
 85585 | Depths:4 | Found a transporter.
 86873 | Depths:4 | Found a gate to the Realm of Zot.
 87089 | Depths:4 | Noticed Grunn
 87091 | Depths:4 | Killed Grunn
 87600 | Depths:4 | Found a transporter.
 87900 | Vaults:5 | Entered Level 5 of the Vaults
 87932 | Vaults:5 | Reached skill level 15 in Fighting
 88245 | Vaults:5 | Identified the ring of Hajoexix {^Contam rC+ AC+4 Int+4}
 88337 | Vaults:5 | Reached XP level 26. HP: 161/161 MP: 34/47
 88525 | Vaults:5 | Identified the staff of Dishonour {rC+ Int-3 Dex+6 Ice}
 88805 | Vaults:5 | Identified the +3 hand cannon "Impbane" {heavy, +Blink
                  | rElec Will+++ Dex-5}
 88884 | Vaults:5 | Identified the +5 scimitar "Isaof" {vamp, ^Contam rF-
                  | Will++ Dex+9}
 89147 | Vaults:5 | Got a silver rune of Zot
 89564 | Vaults:5 | Noticed Saint Roka
 89573 | Vaults:5 | Killed Saint Roka
 91131 | Slime:1  | Entered Level 1 of the Pits of Slime
 92100 | Slime:2  | Learned a level 9 spell: Shatter
 92106 | Slime:2  | Learned a level 5 spell: Lee's Rapid Deconstruction
 93286 | Slime:4  | Gained mutation: You have hidden genetic defects. [a
                  | shining eye]
 93389 | Slime:3  | Lost mutation: Your flesh is cold resistant. (rC+) [potion
                  | of mutation]
 93389 | Slime:3  | Lost mutation: You occasionally shout uncontrollably at
                  | your foes. [potion of mutation]
 93389 | Slime:3  | Lost mutation: You have hidden genetic defects. [potion of
                  | mutation]
 93389 | Slime:3  | Gained mutation: Your magical capacity is low. (-10% MP)
                  | [potion of mutation]
 93389 | Slime:3  | Gained mutation: You are weak. (Str -2) [potion of
                  | mutation]
 93389 | Slime:3  | Gained mutation: Your spells are a little harder to cast,
                  | but a little more powerful. [potion of mutation]
 93389 | Slime:3  | Gained mutation: Your natural rate of healing is unusually
                  | fast. [potion of mutation]
 93390 | Slime:3  | Lost mutation: Your magical capacity is low. (-10% MP)
                  | [potion of mutation]
 93390 | Slime:3  | Lost mutation: You are clumsy. (Dex -2) [potion of
                  | mutation]
 93390 | Slime:3  | Lost mutation: Your natural rate of healing is unusually
                  | fast. [potion of mutation]
 93390 | Slime:3  | Gained mutation: You are vulnerable to heat. (rF-) [potion
                  | of mutation]
 93390 | Slime:3  | Gained mutation: A frigid envelope surrounds you and
                  | freezes all who hurt you. [potion of mutation]
 93391 | Slime:3  | Lost mutation: You are weak. (Str -2) [potion of mutation]
 93391 | Slime:3  | Lost mutation: Your spells are a little harder to cast, but
                  | a little more powerful. [potion of mutation]
 93391 | Slime:3  | Gained mutation: You expend magic power (3 MP) to
                  | strengthen your wands. [potion of mutation]
 93391 | Slime:3  | Gained mutation: Your spells are a little harder to cast,
                  | but a little more powerful. [potion of mutation]
 93997 | Slime:5  | Entered Level 5 of the Pits of Slime
 95027 | Slime:5  | Found a viscous altar of Jiyva.
 95053 | Slime:5  | Noticed the Royal Jelly
 95059 | Slime:5  | Killed the Royal Jelly
 95319 | Slime:5  | Acquired 929 gold pieces
 95348 | Slime:5  | Identified the +0 robe "Jain" {Fly rF+ Str+3}
 95361 | Slime:5  | Identified the +1 chain mail of Sif Muna {Rampage Str+6
                  | Int-5}
 95368 | Slime:5  | Identified the ring of the Magpie {^Contam Fly Dex+6}
 95396 | Slime:5  | Got a slimy rune of Zot
 95398 | Slime:5  | Identified the +4 scale mail of the Known World {Dex+5}
 95413 | Slime:5  | Identified the +1 flail of Ash {heavy, rElec rPois Int+2}
 95426 | Slime:5  | Identified the staff of Gecraol {rC+ Str+2 Ice}
 96450 | Zot:1    | Entered Level 1 of the Realm of Zot
 97165 | Zot:1    | Reached XP level 27. HP: 170/170 MP: 38/48
 99152 | Zot:2    | Reached skill level 15 in Air Magic
 99758 | Zot:2    | Identified the +3 leather armour "Xiroz" {Will+ SInv}
 99952 | Zot:2    | Lost mutation: You expend magic power (3 MP) to strengthen
                  | your wands. [potion of mutation]
 99952 | Zot:2    | Lost mutation: A frigid envelope surrounds you and freezes
                  | all who hurt you. [potion of mutation]
 99952 | Zot:2    | Lost mutation: Your spells are a little harder to cast, but
                  | a little more powerful. [potion of mutation]
 99952 | Zot:2    | Gained mutation: You are clumsy. (Dex -2) [potion of
                  | mutation]
 99952 | Zot:2    | Gained mutation: A frigid envelope surrounds you and
                  | freezes all who hurt you. [potion of mutation]
 99952 | Zot:2    | Gained mutation: You are partially covered in large bone
                  | plates. (SH +4) [potion of mutation]
 99952 | Zot:2    | Gained mutation: You passively map a small area around you.
                  | [potion of mutation]
100009 | Zot:2    | Learned a level 9 spell: Chain Lightning
100932 | Zot:3    | You are sucked into a shaft and drop 1 floor!
101229 | Zot:4    | Noticed an orb of fire
101230 | Zot:4    | Gained mutation: You occasionally lose the ability to drink
                  | potions when taking damage. [an orb of fire]
101243 | Zot:4    | Killed an orb of fire
101244 | Zot:4    | Lost mutation: You are partially covered in large bone
                  | plates. (SH +4) [potion of mutation]
101244 | Zot:4    | Lost mutation: You occasionally lose the ability to drink
                  | potions when taking damage. [potion of mutation]
101244 | Zot:4    | Gained mutation: Your spells are a little easier to cast,
                  | but a little less powerful. [potion of mutation]
101244 | Zot:4    | Gained mutation: Your body sometimes deteriorates upon
                  | taking damage. [potion of mutation]
101244 | Zot:4    | Gained mutation: You are partially covered in iridescent
                  | scales. (AC +2) [potion of mutation]
101244 | Zot:4    | Gained mutation: You expend magic power (3 MP) to
                  | strengthen your wands. [potion of mutation]
101385 | Zot:4    | Noticed Parghit
101390 | Zot:4    | Killed Parghit
102952 | Zot:5    | Entered Level 5 of the Realm of Zot
103754 | Zot:5    | Noticed an orb of fire
103756 | Zot:5    | Gained mutation: You are frail. (-10% HP) [an orb of fire]
103759 | Zot:5    | Killed an orb of fire
104205 | Zot:5    | Noticed a dread lich
104211 | Zot:5    | Killed a dread lich
104218 | Zot:5    | Noticed an orb of fire
104228 | Zot:5    | Killed an orb of fire
104619 | Zot:5    | Noticed a dread lich
104623 | Zot:5    | Killed a dread lich
104773 | Zot:5    | Noticed a dread lich
104776 | Zot:5    | Killed a dread lich
105686 | Depths:4 | Voluntarily entered the Abyss.
105686 | Abyss:1  | Found a corrupted altar of Lugonu.
105737 | Abyss:3  | Found a corrupted altar of Lugonu.
105791 | Abyss:3  | Found a corrupted altar of Lugonu.
106224 | Depths:4 | Escaped the Abyss
106345 | Depths:4 | Voluntarily entered the Abyss.
106345 | Abyss:3  | Found a corrupted altar of Lugonu.
106427 | Abyss:3  | Got an abyssal rune of Zot
106459 | Abyss:3  | Found a corrupted altar of Lugonu.
106902 | Abyss:3  | Paralysed by accursed screaming for 2 turns
106905 | Abyss:3  | Paralysed by accursed screaming for 2 turns
106933 | Depths:4 | Escaped the Abyss
107233 | Pan      | Entered Pandemonium
107570 | Pan      | Found a huge runed translucent gate.
107571 | Pan      | Found a huge runed translucent gate.
107572 | Pan      | Found a huge runed translucent gate.
107573 | Pan      | Found a huge runed translucent gate.
107574 | Pan      | Found a huge runed translucent gate.
107575 | Pan      | Found a huge runed translucent gate.
107576 | Pan      | Found a huge runed translucent gate.
108556 | Pan      | Reached skill level 15 in Shields
108558 | Pan      | Noticed Jiub Caedio the pandemonium lord
108563 | Pan      | Killed Jiub Caedio the pandemonium lord
108949 | Pan      | Got a demonic rune of Zot
110043 | Pan      | Found a transporter.
110248 | Pan      | Identified the serpent talisman of Zupsof {rN+ Str+4
                  | Stlth-}
110474 | Pan      | Found a transporter.
111076 | Pan      | Identified the amulet of Xatey {Acrobat rN+ SInv}
111085 | Pan      | Identified the ring "Eryenuul" {Wiz rN+ Stlth+}
111216 | Pan      | Noticed Obbuom the pandemonium lord
111588 | Pan      | Killed Obbuom the pandemonium lord
112801 | Pan      | Noticed Qesmitsin the pandemonium lord
112808 | Pan      | Killed Qesmitsin the pandemonium lord
114030 | Pan      | Found an exit through the horrors of the Abyss.
115264 | Pan      | Noticed Moyled the pandemonium lord
115270 | Pan      | Killed Moyled the pandemonium lord
116044 | Pan      | Identified the +0 battleaxe "Igeol" {protect, rC+ MP+9
                  | Dex+3}
116956 | Pan      | Found an exit through the horrors of the Abyss.
116975 | Pan      | Noticed Ofeesad the pandemonium lord
116978 | Pan      | Killed Ofeesad the pandemonium lord
118029 | Pan      | Found a runed translucent door.
118138 | Pan      | Lost mutation: You expend magic power (3 MP) to strengthen
                  | your wands. [potion of mutation]
118138 | Pan      | Lost mutation: A frigid envelope surrounds you and freezes
                  | all who hurt you. [potion of mutation]
118138 | Pan      | Gained mutation: You are covered in fur. (AC +1) [potion of
                  | mutation]
118138 | Pan      | Gained mutation: You have hidden genetic potential. [potion
                  | of mutation]
118139 | Pan      | Lost mutation: You are partially covered in iridescent
                  | scales. (AC +2) [potion of mutation]
118139 | Pan      | Lost mutation: Your spells are a little easier to cast, but
                  | a little less powerful. [potion of mutation]
118139 | Pan      | Lost mutation: You are frail. (-10% HP) [potion of
                  | mutation]
118139 | Pan      | Gained mutation: Your skin changes colour to match your
                  | surroundings (Stealth+). [potion of mutation]
118139 | Pan      | Gained mutation: You occasionally lose the ability to drink
                  | potions when taking damage. [potion of mutation]
118140 | Pan      | Lost mutation: You occasionally lose the ability to drink
                  | potions when taking damage. [potion of mutation]
118140 | Pan      | Lost mutation: You are covered in fur. (AC +1) [potion of
                  | mutation]
118140 | Pan      | Lost mutation: You are vulnerable to heat. (rF-) [potion of
                  | mutation]
118140 | Pan      | Gained mutation: You are partially covered in iridescent
                  | scales. (AC +2) [potion of mutation]
118169 | Pan      | Gained mutation: You are weak. (Str -2) [a neqoxec]
118742 | Pan      | Noticed Toinoip the pandemonium lord
118759 | Pan      | Killed Toinoip the pandemonium lord
119878 | Pan      | Identified the +0 plate armour of Lucidity {rPois rC+ Str+2
                  | Int-4}
120511 | Pan      | Found an exit through the horrors of the Abyss.
120641 | Pan      | Noticed Tywneq the pandemonium lord
120650 | Pan      | Killed Tywneq the pandemonium lord
122970 | Pan      | Noticed Gophy the pandemonium lord
122980 | Pan      | Killed Gophy the pandemonium lord
124282 | Pan      | Noticed Bisyugg the pandemonium lord
124286 | Pan      | Killed Bisyugg the pandemonium lord
124331 | Pan      | Gained mutation: You possess an exceptional clarity of
                  | mind. [hidden potential]
124916 | Pan      | Gained mutation: You occasionally shout uncontrollably at
                  | your foes. [mutagenic glow]
125553 | Pan      | Noticed Gethror the pandemonium lord
126019 | Pan      | Killed Gethror the pandemonium lord
127455 | Pan      | Entered the realm of Gloorx Vloq.
127983 | Pan      | Found an exit through the horrors of the Abyss.
129867 | Pan      | Noticed Gloorx Vloq
129874 | Pan      | Killed Gloorx Vloq
129885 | Pan      | Lost mutation: You are weak. (Str -2) [hidden potential]
129885 | Pan      | Lost mutation: You have hidden genetic potential. [hidden
                  | potential expressed]
129953 | Pan      | Got a dark rune of Zot
130370 | Pan      | Entered the realm of Mnoleg.
130525 | Pan      | Gained mutation: You are dopey. (Int -2) [a neqoxec]
130754 | Pan      | Found an exit through the horrors of the Abyss.
131034 | Pan      | Gained mutation: You are frail. (-10% HP) [a cacodemon]
133037 | Pan      | Reached skill level 27 in Conjurations
133359 | Pan      | Noticed Mnoleg
133366 | Pan      | Killed Mnoleg
133477 | Pan      | Got a glowing rune of Zot
134089 | Pan      | Found an exit through the horrors of the Abyss.
134254 | Pan      | Noticed Ankeruuna the pandemonium lord
134258 | Pan      | Killed Ankeruuna the pandemonium lord
134351 | Pan      | Identified the +0 kite shield of the Villain {-Cast rC+ rN+
                  | Stlth+}
135831 | Pan      | Identified the ring "Wucsaxic" {rCorr MP+9 Dex+4}
136958 | Pan      | Noticed Qukofup the pandemonium lord
136961 | Pan      | Killed Qukofup the pandemonium lord
137046 | Pan      | Identified the +0 dagger of Duxtiv {freeze, rElec rF+
                  | Int+3}
137534 | Pan      | Found an exit through the horrors of the Abyss.
137809 | Pan      | Entered the realm of Cerebov.
137969 | Pan      | Found an exit through the horrors of the Abyss.
139005 | Pan      | Identified the +9 mace of Woqecy {protect, ^Fragile rElec
                  | MP+9 Str+8}
139096 | Pan      | Found the +6 sword of Cerebov {flame}
139096 | Pan      | Noticed Cerebov
139105 | Pan      | Killed Cerebov
139332 | Pan      | Identified the +2 lajatang of Valiance {freeze, rPois
                  | Will++}
139379 | Pan      | Identified the +1 dagger of Hepliaklqana's Grace {pain,
                  | Str+5 Int+3}
139407 | Pan      | Got a fiery rune of Zot
140844 | Pan      | Identified the +7 quarterstaff of Understanding {elec,
                  | rPois Int+4}
140846 | Pan      | Noticed Sujyasm the pandemonium lord
140851 | Pan      | Killed Sujyasm the pandemonium lord
140969 | Pan      | Entered the realm of Lom Lobon.
141214 | Pan      | Found an exit through the horrors of the Abyss.
142551 | Pan      | Noticed Lom Lobon
142844 | Pan      | Killed Lom Lobon
143056 | Pan      | Got a magical rune of Zot
144304 | Pan      | Noticed Xualeav the pandemonium lord
144310 | Pan      | Killed Xualeav the pandemonium lord
144587 | Depths:4 | Escaped Pandemonium
145131 | Orc:2    | Bought a potion of curing for 42 gold pieces
145131 | Orc:2    | Bought 2 potions of heal wounds for 140 gold pieces
145131 | Orc:2    | Bought a potion of haste for 140 gold pieces
145483 | Hell     | Entered the Vestibule of Hell
145483 | Hell     | Noticed Geryon
145489 | Hell     | Reached skill level 1 in Shapeshifting
145489 | Hell     | Killed Geryon
145792 | Hell     | Reached skill level 5 in Shapeshifting
146131 | Hell     | Found a gateway to the ashen valley of Gehenna.
146410 | Hell     | Found a gateway to the Iron City of Dis.
146522 | Hell     | Found a gateway to the freezing wastes of Cocytus.
146696 | Hell     | Found a gateway to the decaying netherworld of Tartarus.
146863 | Geh:1    | Entered Level 1 of Gehenna
147968 | Geh:2    | Noticed an ancient lich
147972 | Geh:2    | Killed an ancient lich
148110 | Geh:2    | Got Tudogior's Dissertation on Fuming Coordinates
148473 | Geh:3    | Reached skill level 10 in Shapeshifting
150562 | Geh:7    | Entered Level 7 of Gehenna
153148 | Geh:7    | Identified the +1 spear of Yttorupoa {speed, rPois rN++
                  | Str+3 SInv}
153259 | Geh:7    | Identified the +6 battleaxe of the First Xeniums {freeze,
                  | rElec Will+ Dex+2}
153417 | Geh:7    | Found the +13 sceptre of Asmodeus
153417 | Geh:7    | Noticed Asmodeus
153432 | Geh:7    | Killed Asmodeus
153502 | Geh:7    | Got an obsidian rune of Zot
153988 | Coc:1    | Entered Level 1 of Cocytus
154549 | Coc:2    | Reached skill level 15 in Shapeshifting
155655 | Coc:4    | Noticed a dread lich
155659 | Coc:4    | Killed a dread lich
155976 | Coc:5    | Noticed a juggernaut
155981 | Coc:5    | Noticed a juggernaut
155982 | Coc:5    | Killed a juggernaut
155983 | Coc:5    | Killed a juggernaut
156633 | Coc:7    | Entered Level 7 of Cocytus
157115 | Coc:7    | Paralysed by a wendigo for 1 turns
159202 | Coc:7    | Found the +6 Majin-Bo {spellvamp, MP+6 Int+6}
159204 | Coc:7    | Found the +7 captain's cutlass {speed, disarm}
159236 | Coc:7    | Identified the +8 crystal plate armour "Laeff" {rF+ rC+
                  | Int+2 Slay+3}
159304 | Coc:7    | Noticed Antaeus
159339 | Coc:7    | Killed Antaeus
159516 | Coc:7    | Got an icy rune of Zot
159631 | Tar:1    | Entered Level 1 of Tartarus
160082 | Tar:2    | Noticed an ancient lich
160086 | Tar:2    | Killed an ancient lich
160487 | Hell     | HP: 8/170 [arc of chain lightning (3)]
163041 | Tar:7    | Entered Level 7 of Tartarus
166230 | Tar:7    | Identified the staff of the Rattlesnake {rC+ Str+3 Ice}
166232 | Tar:7    | Identified the +8 dagger of Ru's Generosity {vamp, *Rage
                  | rN+ Will+ Str+5}
166673 | Tar:7    | Identified the +8 hand axe "Ywkuqysao" {flame, rC++}
166675 | Tar:7    | Identified the ring of Ufoel {rElec MP+9 Int+4 Dex+2}
167222 | Tar:7    | Identified the +6 flail "Batis" {freeze, ^Fragile rF+
                  | Dex+8}
167222 | Tar:7    | Noticed Ereshkigal
167511 | Tar:7    | Paralysed by Ereshkigal for 5 turns
167871 | Tar:7    | Killed Ereshkigal
168147 | Tar:7    | Got a bone rune of Zot
168150 | Tar:7    | Identified the +3 rapier of the Evil Eye {vamp, rN+}
168423 | Dis:1    | Entered Level 1 of the Iron City of Dis
168757 | Dis:1    | You are sucked into a shaft and drop 1 floor!
170258 | Dis:4    | Noticed a juggernaut
170261 | Dis:4    | Killed a juggernaut
170327 | Dis:4    | Noticed an ancient lich
170330 | Dis:4    | Noticed a juggernaut
170333 | Dis:4    | Killed a juggernaut
170333 | Dis:4    | Killed an ancient lich
170335 | Dis:4    | Noticed an ancient lich
170338 | Dis:4    | Killed an ancient lich
170617 | Dis:4    | Noticed a juggernaut
170619 | Dis:4    | Killed a juggernaut
170704 | Dis:4    | Noticed a dread lich
170708 | Dis:4    | Killed a dread lich
171026 | Dis:4    | Noticed an ancient lich
171029 | Dis:4    | Killed an ancient lich
171029 | Dis:4    | Noticed an ancient lich
171030 | Dis:4    | Killed an ancient lich
171508 | Dis:4    | Noticed a juggernaut
171512 | Dis:4    | Killed a juggernaut
172147 | Dis:5    | Noticed an ancient lich
172147 | Dis:5    | Noticed an ancient lich
172148 | Dis:5    | Noticed an ancient lich
172148 | Dis:5    | Noticed an ancient lich
172148 | Dis:5    | Noticed a dread lich
172148 | Dis:5    | Noticed an ancient lich
172148 | Dis:5    | Noticed an ancient lich
172148 | Dis:5    | Noticed an ancient lich
172149 | Dis:5    | Killed an ancient lich
172149 | Dis:5    | Killed an ancient lich
172150 | Dis:5    | Killed an ancient lich
172150 | Dis:5    | Killed a dread lich
172150 | Dis:5    | Killed an ancient lich
172151 | Dis:5    | Killed an ancient lich
172151 | Dis:5    | Killed an ancient lich
172151 | Dis:5    | Killed an ancient lich
173273 | Dis:7    | Entered Level 7 of the Iron City of Dis
175265 | Dis:7    | Identified the ring of Ekariurch {+Blink Int+6}
175366 | Dis:7    | Noticed a juggernaut
175372 | Dis:7    | Killed a juggernaut
176447 | Dis:7    | Noticed a dread lich
176458 | Dis:7    | Killed a dread lich
177943 | Dis:7    | Identified the +4 sling of Saoph {freeze, rElec}
177955 | Dis:7    | Identified the +7 mace "Naigosh" {speed, ^Fragile rPois
                  | rF++ Dex+3}
177962 | Dis:7    | Identified the +5 battleaxe of Disgust {pain, ^Contam rPois
                  | rF++}
178557 | Dis:7    | Noticed the Serpent of Hell
178561 | Dis:7    | Noticed a juggernaut
178564 | Dis:7    | Killed a juggernaut
178567 | Dis:7    | Noticed Dispater
178568 | Dis:7    | Killed the Serpent of Hell
179249 | Dis:7    | Killed Dispater
179362 | Dis:7    | Got an iron rune of Zot
180205 | Tomb:1   | Entered Level 1 of the Tomb of the Ancients
180341 | Tomb:1   | Reached skill level 27 in Shields
180680 | Tomb:1   | Reached skill level 27 in Spellcasting
180737 | Tomb:1   | Noticed a royal mummy
180740 | Tomb:1   | Killed a royal mummy
181435 | Tomb:1   | Noticed a royal mummy
181441 | Tomb:1   | Killed a royal mummy
181482 | Tomb:1   | Noticed a royal mummy
181490 | Tomb:1   | Killed a royal mummy
181508 | Tomb:1   | Noticed a royal mummy
181513 | Tomb:1   | Killed a royal mummy
181565 | Tomb:1   | Noticed a royal mummy
181568 | Tomb:1   | Noticed a royal mummy
181571 | Tomb:1   | Killed a royal mummy
181574 | Tomb:1   | Killed a royal mummy
181574 | Tomb:1   | Noticed a royal mummy
181593 | Tomb:1   | Killed a royal mummy
181656 | Tomb:1   | Noticed a royal mummy
181663 | Tomb:1   | Killed a royal mummy
181664 | Tomb:1   | Noticed a royal mummy
181671 | Tomb:1   | Killed a royal mummy
181758 | Tomb:1   | Noticed a royal mummy
181766 | Tomb:1   | Killed a royal mummy
181785 | Tomb:1   | Noticed a royal mummy
181789 | Tomb:1   | Killed a royal mummy
181829 | Tomb:1   | Noticed a royal mummy
181833 | Tomb:1   | Killed a royal mummy
181834 | Tomb:1   | Noticed a royal mummy
181837 | Tomb:1   | Killed a royal mummy
182012 | Tomb:1   | Noticed a royal mummy
182027 | Tomb:1   | Killed a royal mummy
182112 | Tomb:1   | Noticed a royal mummy
182119 | Tomb:1   | Killed a royal mummy
182144 | Tomb:1   | Noticed a royal mummy
182146 | Tomb:1   | Noticed a royal mummy
182264 | Tomb:1   | Killed a royal mummy
182304 | Tomb:1   | Noticed a royal mummy
182308 | Tomb:1   | Killed a royal mummy
182332 | Tomb:1   | Noticed a royal mummy
182335 | Tomb:1   | Noticed a royal mummy
182340 | Tomb:1   | Killed a royal mummy
182343 | Tomb:1   | Killed a royal mummy
182343 | Tomb:1   | Noticed a royal mummy
182351 | Tomb:1   | Killed a royal mummy
182479 | Tomb:1   | Killed a royal mummy
183046 | Tomb:3   | Entered Level 3 of the Tomb of the Ancients
183070 | Tomb:3   | Reached skill level 27 in Fighting
183401 | Tomb:3   | Noticed a royal mummy
183401 | Tomb:3   | Noticed a royal mummy
183402 | Tomb:3   | Noticed a royal mummy
183402 | Tomb:3   | Noticed a royal mummy
183403 | Tomb:3   | Noticed a royal mummy
183404 | Tomb:3   | Noticed a royal mummy
183405 | Tomb:3   | Killed a royal mummy
183411 | Tomb:3   | Killed a royal mummy
183413 | Tomb:3   | Killed a royal mummy
183414 | Tomb:3   | Killed a royal mummy
183414 | Tomb:3   | Noticed a royal mummy
183414 | Tomb:3   | Noticed a royal mummy
183415 | Tomb:3   | Noticed a royal mummy
183419 | Tomb:3   | Killed a royal mummy
183445 | Tomb:3   | Killed a royal mummy
183475 | Tomb:3   | Killed a royal mummy
183722 | Tomb:3   | Killed a royal mummy
183729 | Tomb:3   | Killed a royal mummy
184028 | Tomb:3   | Identified the ring "Ysaateag" {rPois rC- rCorr Str+2
                  | Dex+6}
184035 | Tomb:3   | Identified the amulet of the Genius {RegenMP+ Dex+3}
184111 | Tomb:3   | Identified the +10 falchion "Jerphubo" {spect, rElec rF-
                  | Will+ Dex+4}
184214 | Tomb:3   | Got the Secrets of the Heated Wendigo
184259 | Tomb:3   | Identified the ring "Iboirr" {rElec Dex+6 SInv}
184263 | Tomb:3   | Identified the +10 dagger "Pofel" {freeze, rPois Will+
                  | Int+3}
184373 | Tomb:3   | Got a golden rune of Zot
184961 | Zig:1    | Entered Level 1 of a ziggurat
184974 | Zig:2    | Entered Level 2 of a ziggurat
185090 | Zig:3    | Entered Level 3 of a ziggurat
185213 | Zig:3    | Identified the +6 hand axe "Menneofo" {freeze, rF+}
185215 | Zig:4    | Entered Level 4 of a ziggurat
185215 | Zig:4    | Found the +0 pair of fencer's gloves {Riposte Dex+3}
185340 | Zig:5    | Entered Level 5 of a ziggurat
185370 | Zig:6    | Entered Level 6 of a ziggurat
185420 | Zig:6    | Identified the +1 sling "Nunofrov" {drain, Int+3 SInv}
185424 | Zig:7    | Entered Level 7 of a ziggurat
185468 | Zig:7    | Identified the amulet of Catyteegas {Regen+ rCorr Dex+5
                  | Slay+3 Stlth+}
185477 | Zig:8    | Entered Level 8 of a ziggurat
185518 | Zig:9    | Entered Level 9 of a ziggurat
185708 | Zig:10   | Entered Level 10 of a ziggurat
185722 | Zig:10   | Found the amulet of the Four Winds {rN+ Will+++ Clar}
185783 | Zig:11   | Entered Level 11 of a ziggurat
185792 | Zig:11   | Noticed Caistrapp the pandemonium lord
185792 | Zig:11   | Noticed Vorunlom the pandemonium lord
185796 | Zig:11   | Killed Caistrapp the pandemonium lord
185796 | Zig:11   | Killed Vorunlom the pandemonium lord
186053 | Zig:11   | Identified the ring "Resomif" {rPois rN+ Will+ Dex+6}
186069 | Zig:12   | Entered Level 12 of a ziggurat
186078 | Zig:12   | Noticed Lagif's ghost (legendary MiFi)
186079 | Zig:12   | Noticed Hoiham's ghost (legendary MiFi)
186079 | Zig:12   | Noticed Ussulutyn's ghost (legendary DsFi)
186079 | Zig:12   | Noticed Bines's ghost (legendary OpSh)
186080 | Zig:12   | Noticed Ometuamn's ghost (legendary OnSh)
186081 | Zig:12   | Noticed Ysol's ghost (legendary OpHW)
186082 | Zig:12   | Killed Hoiham's ghost
186083 | Zig:12   | Killed Lagif's ghost
186083 | Zig:12   | Killed Ometuamn's ghost
186084 | Zig:12   | Killed Ussulutyn's ghost
186084 | Zig:12   | Killed Ysol's ghost
186085 | Zig:12   | Killed Bines's ghost
186262 | Zig:12   | Identified the amulet "Lafregg" {RegenMP+ Dex+3}
186270 | Zig:12   | Identified the +1 mace "Worm" {flame, rC- rN+ Stlth+}
186275 | Zig:12   | Identified the +5 dagger "Ruighan" {venom, Will+ Str+2
                  | Dex-5}
186287 | Zig:13   | Entered Level 13 of a ziggurat
186299 | Zig:13   | Found the ring of the Mage {Wiz Archmagi}
186358 | Zig:13   | Identified the +3 robe of Yredelemnul's Envy {rC+ Int+2}
186376 | Zig:13   | Reached skill level 10 in Armour
186377 | Zig:13   | Reached skill level 27 in Earth Magic
186384 | Zig:14   | Entered Level 14 of a ziggurat
186396 | Zig:14   | Noticed Oxalauna the pandemonium lord
186399 | Zig:14   | Killed Oxalauna the pandemonium lord
186493 | Zig:15   | Entered Level 15 of a ziggurat
186504 | Zig:15   | Found the +7 great mace "Firestarter" {flame, immolate,
                  | rFlCloud rF++}
186527 | Zig:15   | Identified the ring "Lijaxett" {rPois AC+4 Int+5 Stlth+}
186545 | Zig:15   | Got the Elucidation of the End
186553 | Zig:16   | Entered Level 16 of a ziggurat
186564 | Zig:16   | Noticed a dread lich
186564 | Zig:16   | Noticed an ancient lich
186566 | Zig:16   | Killed a dread lich
186566 | Zig:16   | Noticed an ancient lich
186567 | Zig:16   | Killed an ancient lich
186568 | Zig:16   | Noticed an ancient lich
186571 | Zig:16   | Killed an ancient lich
186572 | Zig:16   | Killed an ancient lich
186662 | Zig:17   | Entered Level 17 of a ziggurat
187002 | Zig:17   | Identified the staff "Xiot" {rC+ rCorr Earth}
187014 | Zig:17   | Identified the amulet "Ysinofec" {Harm rElec RegenMP+ MP-9
                  | Dex+2}
187043 | Zig:17   | Lost mutation: Your body sometimes deteriorates upon taking
                  | damage. [potion of mutation]
187043 | Zig:17   | Lost mutation: You are frail. (-10% HP) [potion of
                  | mutation]
187043 | Zig:17   | Lost mutation: Your skin changes colour to match your
                  | surroundings (Stealth+). [potion of mutation]
187043 | Zig:17   | Gained mutation: You expend magic power (3 MP) to
                  | strengthen your wands. [potion of mutation]
187248 | Zig:18   | Entered Level 18 of a ziggurat
187281 | Zig:18   | Identified the +9 spear of Paamnu Jeudu {heavy, rElec rPois
                  | rC+ rCorr}
187282 | Zig:18   | Identified the ring "Ynynaess" {*Slow +Blink rElec EV+5
                  | Int+3}
187301 | Zig:18   | Identified the +8 orcbow of Spite {freeze, Str+6}
187314 | Zig:19   | Entered Level 19 of a ziggurat
187335 | Zig:19   | Noticed Vapagopn the pandemonium lord
187338 | Zig:19   | Killed Vapagopn the pandemonium lord
187472 | Zig:19   | Found the +1 eveningstar "Brilliance" {foul flame, Umbra}
187481 | Zig:19   | Identified the +7 orcbow "Hoklut" {drain, rPois}
187484 | Zig:19   | Got the Volume of the Windy Vertex
187513 | Zig:20   | Entered Level 20 of a ziggurat
187531 | Zig:20   | Noticed Volerch the pandemonium lord
187532 | Zig:20   | Noticed Wugifuqo the pandemonium lord
187533 | Zig:20   | Killed Wugifuqo the pandemonium lord
187533 | Zig:20   | Noticed Wutaudir the pandemonium lord
187533 | Zig:20   | Noticed Coforph the pandemonium lord
187533 | Zig:20   | Noticed Othuoj the pandemonium lord
187534 | Zig:20   | Killed Volerch the pandemonium lord
187534 | Zig:20   | Noticed Tolionapn the pandemonium lord
187536 | Zig:20   | Killed Wutaudir the pandemonium lord
187537 | Zig:20   | Reached skill level 27 in Fire Magic
187537 | Zig:20   | Killed Letess the pandemonium lord
187537 | Zig:20   | Killed Othuoj the pandemonium lord
187538 | Zig:20   | Reached skill level 27 in Air Magic
187538 | Zig:20   | Killed Uqad Koa the pandemonium lord
187539 | Zig:20   | Killed Tolionapn the pandemonium lord
187540 | Zig:20   | Killed Coforph the pandemonium lord
187542 | Zig:20   | Noticed Con Hizyn the pandemonium lord
187544 | Zig:20   | Killed Con Hizyn the pandemonium lord
187544 | Zig:20   | Killed Wulikiu the pandemonium lord
187603 | Zig:20   | Identified the ring "Zeawn" {Fire rPois rN+ rCorr Str+4}
187615 | Zig:20   | Identified the ring "Pusag" {Wiz Will+ Slay+2}
187635 | Zig:20   | Acquired a manual of Armour
187639 | Zig:20   | Identified the +1 barding "Loiwkan" {rPois rN+ Str-3}
187645 | Zig:21   | Entered Level 21 of a ziggurat
187692 | Zig:21   | Reached skill level 15 in Armour
188010 | Zig:21   | Identified the ring of Bun Xyl {+Blink rPois rC- rN+ Will+}
188019 | Zig:21   | Identified the amulet of the Sturgeon {Reflect ^Fragile rF+
                  | Will+++ Int+2 SH+5}
188026 | Zig:21   | Identified the ring "Ruddomoh" {rN+ Str-2 Int+5 Slay+3}
188040 | Zig:22   | Entered Level 22 of a ziggurat
188060 | Zig:22   | Noticed an ancient lich
188063 | Zig:22   | Killed an ancient lich
188070 | Zig:22   | Killed from afar by a hellephant

Illustrated notes

Levels and vault maps discovered:
D:1:      onia_arrival_mini_spirals, layout_basic, serial_shops, shop_statue
D:2:      layout_loops_ring, shapermc_ecumenical_altar_mp_highgroup
D:3:      layout_basic, nicolae_kikubaaqudgha_miasma_corner, wad_orctagon,
          uniq_sigmund, uniq_robin
D:4:      layout_cave_pools, nicolae_hepliaklqana_monster_ancestors,
          item_on_display_a, uniq_blork_the_orc, uniq_crazy_yiuf_cottage,
          uniq_grinder
D:5:      layout_basic, gammafunk_temple_overflow_pools, grunt_decor_clamped,
          serial_park_tiny_1, st_stairs_6
D:6:      layout_basic, lemuel_mausoleum_altar_yredelemnul,
          minmay_temple_entry_ruins, uniq_eustachio, uniq_duvessa, uniq_jeremiah
D:7:      layout_gridville, mainiacjoe_overflow_24_doors, enter_bailey_2,
          grunt_tough_drop, uniq_maurice, uniq_pikel
D:8:      layout_rooms, general_overflow_altar, hellmonk_lair_entry_icy,
          nicolae_blasting_shop, minivault_27
D:9:      minmay_the_grid_triangle_9x9_recursive_2_mashed
          [minmay_the_grid_triangle_9x9_prize_special,
          minmay_the_grid_triangle_9x9_cache,
          minmay_the_grid_triangle_9x9_skeleton,
          minmay_the_grid_triangle_9x9_swiss_cheese], layout_cave_pods,
          mainiacjoe_overflow_small_starburst, old_standard_altar,
          grunt_ministairs_2
D:10:     erik_rubicon_b, layout_loops_corners, nicolae_uskayaw_suspiria
D:11:     layout_loops_ring, chequers_serial_rivers_small_3, minivault_14,
          nicolae_dithmenos_through_a_glass_darkly
D:12:     layout_irregular_city, orc_david_3,
          portal_ice_cave_entry_ice_simulacra
D:13:     layout_loops_ring, david_vaults_1, enter_trove_5,
          gauntlet_entry_generic, cheibrodos_lost_city_excavation
D:14:     layout_rooms, abandoned_shop, serial_shops, shop, xom_shifter_show
D:15:     hangedman_depths_entry_try_elsewhere_first, layout_long_grid,
          minmay_misc_feat_enclosed, minmay_guarded_unrand_skullcrusher
Temple:   pdpol_scorched_temple
Lair:1:   lemuel_reptile_caves, layout_regular_city, lemuel_centaur_altar,
          infiniplex_staircase_pool, lemuel_fruit_tree, uniq_gastronok
Lair:2:   layout_regular_city, nicolae_shoals_entry_flooding,
          grunt_megastairs_1, serial_bayou_shore_b
Lair:3:   layout_misc_corridors, spider_nest_entry_funnel_web
Lair:4:   layout_small_grid, uniq_nessos
Lair:5:   gammafunk_lair_ancient_temple, layout_gridlike,
          minmay_slime_entry_pillars, nicolae_volcano_entry_batcave,
          chequers_serial_rivers_room_b, serial_bayou_shore_b,
          grunt_megastairs_5
Shoals:1: layout_shoals
Shoals:2: layout_shoals, nicolae_shoals_shepherds
Shoals:3: layout_shoals, nicolae_shoals_c_island
Shoals:4: shoals_end_hangedman, layout_shoals, shoal_ilsuiw,
          nicolae_shoals_aquamancer_cove, uniq_mara
Spider:1: layout_chambers, nicolae_spider_spiderdrome,
          hangedman_spider_tarantella_strand, uniq_agnes
Spider:2: layout_spider_delve, nicolae_spider_paper_wasps
Spider:3: layout_chambers, uniq_aizul, uniq_bai_suzhen
Spider:4: spider_rune_water
Slime:1:  layout_caves, nicolae_slime_barrier
Slime:2:  layout_caves
Slime:3:  layout_caves, nicolae_slime_getting_an_eyeful
Slime:4:  layout_caves, cheibrodos_slime_lost_civilization_5
Slime:5:  slime_pit_nicolae_jellycorners
Orc:1:    nicolae_orc_accident_2, layout_caves, basic_altar, serial_shops, shop
Orc:2:    grunt_orc_community_town_hall, layout_caves,
          grunt_orc_community_big_house_1, grunt_orc_community_big_house_2,
          grunt_orc_community_house_3, grunt_orc_community_house_2,
          grunt_orc_community_house_3, grunt_orc_community_house_3,
          grunt_orc_community_house_2, basic_altar, lemuel_statue_altar,
          uniq_snorg, uniq_sonja
Elf:1:    nicolae_elf_arrival_no_cutting_in_line, layout_gridlike, serial_shops,
          shop, nicolae_elf_shapeshifter_party
Elf:2:    elven_hall_of_blades_hangedman_original
          [nicolae_blade_entry_area_security], layout_loops_cross, special_room
          [special_room_orc], serial_shops, bzr_entry_water,
          dreamdust_mushroom_princess, corexii_checkpoint
Elf:3:    minmay_elf_hall_dome, layout_geoelf_castle, serial_shops, shop,
          billiards_dpeg
Vaults:1: nicolae_vaults_trapezoid_2, hangedman_vaults_stitches, v_misc_23,
          vaults_mumra_lcd, nicolae_vaults_closet_pinwheel_6,
          ontoclasm_vaults_fault, grunt_vaults_hallway_short,
          vaults_dpeg_emergency_exit, hangedman_vaults_capsules,
          dpeg_vaults_monster_box, serial_ice_b, vaults_room_fours,
          layout_vaults_omnicross
Vaults:2: portal_desolation_entry_holy_temple, nicolae_vaults_trapezoid_1,
          nicolae_vaults_alarming, nicolae_vaults_cornered_office,
          vaults_room_door_hall, nicolae_vaults_you_can_take_it_with_you,
          nicolae_vaults_house_2, nicolae_vaults_little_squares_5,
          nicolae_vaults_tangram_2, nicolae_vaults_house_1, layout_vaults_ring,
          uniq_boris, uniq_margery, uniq_mennas, uniq_jory
Vaults:3: hellmonk_ghost_happy_afterlife, vaults_mumra_bighexcomb, v_misc_9,
          vaults_mumra_hex, minmay_crypt_entry_simple_round,
          nicolae_vaults_tangram_2, nicolae_vaults_tetromino_T_2,
          hangedman_vaults_trim, v_pattern_3, nicolae_vaults_trapezoid_layered,
          nicolae_vaults_little_squares_5, vaults_room_pools, v_misc_24,
          layout_vaults_omnibox, uniq_donald, uniq_zenata
Vaults:4: hangedman_vaults_nails, nicolae_vaults_frosty_reception,
          nicolae_vaults_house_3, nicolae_vaults_tetromino_L_1,
          nicolae_vaults_asterisk, nicolae_vaults_little_squares_1,
          vaults_dpeg_ring, layout_vaults_omnigrid, serial_shops, shop
Vaults:5: uniq_saint_roka
Crypt:1:  layout_misc_corridors
Crypt:2:  layout_catacombs
Crypt:3:  evilmike_haunted_forest, uniq_josephina
Tomb:1
Tomb:2
Tomb:3
Depths:1: layout_gridville, hell_entry, nicolae_figureground_pulse,
          kennysheep_nondescript, grunt_gozag_statues,
          roderic_lattice_octagonal_star
Depths:2: kennysheep_ambush_hall, layout_gridlike, nicolae_titane,
          gammafunk_ghost_necromancy, abyss_entry, rand_demon_pan_entry_3,
          hell_entry, uniq_nikola, uniq_sojobo
Depths:3: minmay_chopped_fan, layout_cave_shapes, kennysheep_small_spiral,
          serial_shops, bzr_entry_dummy, abyss_entry_crystal, hellmouth_1,
          minmay_misc_feat_cross, infiniplex_staircase_spiral
Depths:4: grunt_zot_entry_bicorn, layout_gridlike, enter_ziggurat_a,
          abyss_entry, serial_shops, bzr_entry_dummy, pan_entry,
          hangedman_decor_peaks_small, pf_hell_entry_great_geh,
          nicolae_transporter_circle, uniq_grunn
Hell
Dis:1:    layout_subdivisions
Dis:2:    layout_subdivisions
Dis:3:    layout_jigsaw, nicolae_hells_seeping_fissure
Dis:4:    hangedman_iron_city_apartments
Dis:5:    layout_regular_city, nicolae_hells_leichenhalle
Dis:6:    layout_overlapping_boxes
Dis:7:    dis_st
Geh:1:    layout_gehenna_pools_basic, evilmike_ambush
          [evilmike_ambush_outer_basic, evilmike_ambush_inner_basic]
Geh:2:    layout_gehenna_pools_triple, minmay_fire_ice_demons
Geh:3:    layout_gehenna_pools_basic, nicolae_geh_single_fiery_grave
Geh:4:    layout_gehenna_lava_caves
Geh:5:    layout_gehenna_pools_triple
Geh:6:    layout_gehenna_pools_box
Geh:7:    evilmike_geh
Coc:1:    layout_cocytus_water_paths
Coc:2:    nicolae_coc_ice_floe, layout_ice_bergs
Coc:3:    nicolae_coc_on_the_berg
Coc:4:    layout_cocytus_water_paths
Coc:5:    layout_ice_bergs, tekkud_coc_lazy_river
Coc:6:    layout_cocytus_water_paths
Coc:7:    coc_hangedman
Tar:1:    layout_grid_maze
Tar:2:    layout_cathedral_of_symmetry
Tar:3:    layout_cathedral_of_symmetry, nicolae_tar_cuneiform_heaven,
          nicolae_hells_fiendish_ambush
Tar:4:    layout_cathedral_of_symmetry
Tar:5:    layout_honeycomb
Tar:6:    layout_honeycomb
Tar:7:    tar_minmay_river
Zot:1:    layout_cathedral_of_symmetry, regret_index_zotdec_icy_dp
Zot:2:    layout_gridlike, regret_index_zotdec_stipple_waver, grunt_megastairs_2
Zot:3:    layout_misc_corridors, hangedman_zot_decor_checkerboard
Zot:4:    layout_gridlike, uniq_parghit
Zot:5:    layout_misc_corridors
Zig:22

Skill      XL: |  1  2  3  4  5  6  7  8  9 10 11 12 13 14 15 16 17 18 19 20 21 22 23 24 25 26 27 |
---------------+----------------------------------------------------------------------------------+-----
Earth Magic    | 4 5 6 8 10 11 13 14 15 17 20 27 | 27.0
Conjurations   | 2 3 4 5 7 8 10 12 13 14 15 16 17 18 19 20 21 22 23 24 27 | 27.0
Spellcasting   | 3 4 5 6 7 9 10 11 12 13 14 15 16 17 18 19 20 21 27 | 27.0
Fighting       | 3 6 8 10 12 13 15 16 27 | 27.0
Armour         | 4 6 7 8 19 | 19.9
Fire Magic     | 2 5 9 12 14 17 19 27 | 27.0
Air Magic      | 2 5 7 9 10 12 14 27 | 27.0
Shields        | 4 7 9 11 27 | 27.0
Shapeshifting  | 23 | 23.8
Dodging        | |  1.5
Stealth        | |  2.1

Action                     |  1- 3 |  4- 6 |  7- 9 | 10-12 | 13-15 | 16-18 | 19-21 | 22-24 | 25-27 || total
---------------------------+-------+-------+-------+-------+-------+-------+-------+-------+-------++-------
  Melee: Unarmed           |     2 |       |       |       |       |       |       |       |       ||     2
         Dagger            |     1 |     7 |     3 |    39 |    49 |       |       |       |       ||    99
         Staff             |       |       |       |       |     1 |    31 |    52 |    52 |  1082 ||  1218
   Cast: Sandblast         |    53 |    61 |   124 |   253 |   333 |   250 |   154 |    12 |       ||  1240
         Stone Arrow       |       |     3 |    25 |   125 |   184 |    88 |    35 |    41 |    37 ||   538
         Irradiate         |       |       |       |    23 |    93 |    52 |    39 |    19 |       ||   226
         Bombard           |       |       |       |       |    78 |   291 |   451 |    33 |       ||   853
         Freezing Cloud    |       |       |       |       |    66 |   116 |    70 |    19 |       ||   271
         Lehudib's Crystal |       |       |       |       |       |       |       |   226 |   630 ||   856
         Ignition          |       |       |       |       |       |       |       |    17 |    44 ||    61
         Fire Storm        |       |       |       |       |       |       |       |   191 |  1429 ||  1620
         Lee's Rapid Decon |       |       |       |       |       |       |       |       |     8 ||     8
         Chain Lightning   |       |       |       |       |       |       |       |       |  1037 ||  1037
         Shatter           |       |       |       |       |       |       |       |       |    88 ||    88
  Evoke: Wand              |       |       |       |       |     2 |       |       |     4 |     2 ||     8
    Use: Scroll            |       |       |     6 |    14 |    15 |     5 |     3 |    12 |    48 ||   103
         Potion            |       |       |       |     2 |       |    12 |    12 |     9 |    69 ||   104
   Stab: Distracted        |       |       |       |       |       |       |       |       |     3 ||     3
         Sleeping          |       |       |       |       |       |       |       |       |     3 ||     3
 Armour: Robe              |    14 |    33 |    61 |   213 |       |       |       |       |       ||   321
         Acid dragon scale |       |       |       |    65 |   391 |   634 |   383 |   307 |  2688 ||  4468
         Leather armour    |       |       |       |       |     8 |       |       |       |       ||     8
  Dodge: Dodged            |    16 |    27 |    40 |   215 |   349 |   416 |   128 |   106 |   706 ||  2003
  Block: Buckler           |       |       |       |       |       |       |   164 |   186 |   228 ||   578
         Reflection        |       |       |       |       |       |       |    31 |    14 |   115 ||   160
         Tower shield      |       |       |       |       |       |       |       |       |  1364 ||  1364
         Kite shield       |       |       |       |       |       |       |       |       |  1191 ||  1191
   Form: Death             |       |       |       |       |       |       |       |       |    11 ||    11
                           |       |       |       |       |       |       |       |       |    10 ||    10

Table legend: (Time is in decaauts)
 A = Elapsed time spent in this place.
 B = Non-inter-level travel time spent in this place.
 C = Inter-level travel time spent in this place.
 D = Time resting spent in this place.
 E = Time spent auto-exploring this place.
 F = Levels seen in this place.
 G = Mean time per level.
                   A        B        C        D        E       F      G
               +--------+--------+--------+--------+--------+-----+--------+
         Total | 189139 | 179219 |   9920 |  86502 |  39415 | 143 | 1322.7 |
       Dungeon |  20676 |  18026 |   2650 |   5521 |   8676 |  15 | 1378.4 |
        Temple |     75 |     74 |      1 |     29 |      0 |   1 |   75.0 |
          Lair |  10773 |   9912 |    861 |   4407 |   3756 |   5 | 2154.6 |
        Shoals |   7958 |   7695 |    263 |   3705 |   2087 |   4 | 1989.5 |
   Spider Nest |   8323 |   7911 |    412 |   3746 |   2489 |   4 | 2080.8 |
    Slime Pits |   4772 |   4615 |    157 |   2063 |   1475 |   5 |  954.4 |
  Orcish Mines |   4583 |   4281 |    302 |   2455 |    752 |   2 | 2291.5 |
   Elven Halls |   6019 |   5819 |    200 |   2468 |   1418 |   3 | 2006.3 |
        Vaults |  14478 |  13867 |    611 |   7179 |   3885 |   5 | 2895.6 |
         Crypt |   7388 |   6907 |    481 |   3364 |   2167 |   3 | 2462.7 |
          Tomb |   4524 |   4319 |    205 |   1718 |    189 |   3 | 1508.0 |
        Depths |   9542 |   8384 |   1158 |   4763 |   1902 |   4 | 2385.5 |
          Hell |   4446 |   4317 |    129 |   3418 |    205 |   1 | 4446.0 |
           Dis |   9984 |   8671 |   1313 |   5086 |    218 |   7 | 1426.3 |
       Gehenna |   5733 |   5526 |    207 |   2514 |     51 |   7 |  819.0 |
       Cocytus |   5235 |   4980 |    255 |   2403 |    796 |   7 |  747.9 |
      Tartarus |   8245 |   7743 |    502 |   3847 |   1116 |   7 | 1177.9 |
           Zot |   9181 |   8973 |    208 |   4583 |   2616 |   5 | 1836.2 |
         Abyss |   1131 |   1131 |      0 |    622 |      0 |   5 |  226.2 |
   Pandemonium |  37567 |  37567 |      0 |  17400 |   5310 |  20 | 1878.3 |
      Ziggurat |   3033 |   3033 |      0 |   1897 |      0 |  22 |  137.9 |
        Bazaar |    197 |    197 |      0 |      0 |     51 |   3 |   65.7 |
         Trove |    109 |    109 |      0 |      0 |     43 |   1 |  109.0 |
        Bailey |    289 |    289 |      0 |    185 |      0 |   1 |  289.0 |
      Ice Cave |   1273 |   1273 |      0 |    929 |     30 |   1 | 1273.0 |
       Volcano |    550 |    550 |      0 |    211 |     71 |   1 |  550.0 |
    Desolation |   3043 |   3043 |      0 |   1986 |    112 |   1 | 3043.0 |
               +--------+--------+--------+--------+--------+-----+--------+

Top non-repeatable levels by time:
   Dis:7: 6348 daAuts
   Tar:7: 5288 daAuts
    Hell: 4446 daAuts
 Crypt:3: 4037 daAuts
Depths:4: 3765 daAuts
Vaults:3: 3138 daAuts
  Lair:5: 3121 daAuts
   Geh:7: 3059 daAuts
Desolation: 3043 daAuts
Vaults:2: 3041 daAuts
Vaults:1: 3012 daAuts
   Coc:7: 2959 daAuts
   Orc:2: 2940 daAuts
Vaults:4: 2910 daAuts
Shoals:4: 2866 daAuts
